Cogmind - Beta 16 @@@ ROGUE MODE // 2026.01.27 @ 17:42:54 Player: saltine Result: Destroyed by S-43 Plague with Heavy Machine Gun Performance ------------- Evolutions (9) 4500 Regions Visited (30) 6000 Robots Destroyed (298) 1490 Value Destroyed (15249) 15249 Prototype IDs (93) 1860 Alien Tech Used (5) 1000 Bonus (12993) 12993 TOTAL SCORE: 43092 Bonus ------- Triggered Max Security 1000 High Alert Combat Kills 3439 Follower Combat Kills 2203 Entered Garrisons 200 Used RIF Installer 500 Network Hubs Disabled 600 Aligned with FarCom 300 Met Data Miner 300 Met Imprinter 300 Built Enhanced Grunts 300 Met R17 at Cetus 500 Found Hidden Lab 3000 Met R17 at Research 2000 Scanned by Researcher 500 Friendly Fire -2149 Cogmind --------- Core Integrity 0/1600 Matter 201/300 Energy 99/100 System Corruption 3% Temperature Cool (0) Movement Core (50) Location -1/Access Parts ------- > --- POWER (3) -------- (None) > --- PROPULSION (6) --- (None) > --- UTILITY (12) ----- (None) > --- WEAPON (4) ------- (None) > --- INVENTORY (5) ---- Enhanced Nova Cannon Heavy Proton Missile Launcher Peak State ------------ > --- POWER ------------ Quantum Reactor Quantum Reactor Improved Quantum Reactor > --- PROPULSION ------- Centrium Heavy Treads Advanced Heavy Siege Treads Advanced Heavy Siege Treads > --- UTILITY ---------- Experimental Heat Sink Cargo Storage Unit Experimental Targeting Computer Experimental Core Analyzer Precision Energy Filter Precision Energy Filter Centrium Heavy Armor Plating Graphene Brace > --- WEAPON ----------- Potential Cannon Hypervelocity Coil Gun Hypervelocity Mass Driver > --- INVENTORY -------- Quantum Reactor Improved Heavy Treads Improved Heavy Treads Improved Heavy Treads Armored Heavy Treads Experimental Heat Sink Advanced Energy Well Matter Compressor Advanced Weapon Cycler Improved Transmission Jammer Advanced Cloaking Device Centrium Heavy Armor Plating Centrium Heavy Armor Plating Experimental EM Shield Advanced Force Field Long-range Tractor Beam Transdimensional Reconstructor Compact HERF Cannon Hypervelocity Gauss Rifle Heavy Proton Missile Launcher Fusion Bomb Launcher [Rating: 200] Favorites ----------- Power Quantum Reactor Engine Improved Deuterium Engine Power Core Light Nuclear Core Reactor Quantum Reactor Propulsion Centrium Heavy Treads Treads Centrium Heavy Treads Wheel Armored Huge Wheel Utility Huge Storage Unit Device Improved Force Field Storage Huge Storage Unit Processor Advanced Target Analyzer Hackware Advanced Hacking Suite Protection Centrium Medium Armor Plating Weapon Hypervelocity Gauss Rifle Energy Gun Heavy Particle Gun Energy Cannon Nova Cannon Ballistic Gun Hypervelocity Gauss Rifle Ballistic Cannon Hypervelocity Mass Driver Launcher Improved Grenade Launcher Special Weapon CPS Tube Special Melee Weapon Improved Datajack Build | -11 -10 -10 -10 -9 -8 -7 -7 -7 -7 -7 -7 -6 -6 -6 -6 -6 -5 -5 -5 -5 -5 -5 -4 -4 -4 -3 -3 -2 -2 -1 ------- Run | Yrd Mat Min Exi Min Mat Fac Was Fac Low Low Dat Pro Fac Low Low Zio Pro Fac Ext Cet Arc Hub Fac Arm Lab Res Gar Res Qua Acc Slots Evolved 18 | . . . . . 4 2 . . . . . . 2 . . . . 2 . . . . 2 . . 2 . 2 . 2 Power 2 | . . . . . . . . . . . . . . . . . . 1 . . . . . . . . . 1 . . Propulsion 4 | . . . . . 1 . . . . . . . 1 . . . . . . . . . . . . 2 . . . . Utility 10 | . . . . . 2 1 . . . . . . 1 . . . . 1 . . . . 2 . . . . 1 . 2 Weapon 2 | . . . . . 1 1 . . . . . . . . . . . . . . . . . . . . . . . . Parts Attached 185 | 7 10 4 3 . 14 10 5 6 2 4 . 2 5 4 . 3 5 14 5 13 4 9 4 21 1 13 5 1 11 . Power 18 | 1 . 1 . . 2 1 . . . 1 . . . . . . 1 1 1 3 . 1 . 3 . . . 1 1 . Engine 6 | 1 . . . . 2 1 . . . . . . . . . . . 1 1 . . . . . . . . . . . Core 1 | . . 1 . . . . . . . . . . . . . . . . . . . . . . . . . . . . Reactor 11 | . . . . . . . . . . 1 . . . . . . 1 . . 3 . 1 . 3 . . . 1 1 . Propulsion 21 | 2 1 1 . . 3 2 . 1 . . . . . 1 . . . . 1 1 1 . . 1 . 1 1 . 4 . Treads 19 | 2 1 1 . . 2 1 . 1 . . . . . 1 . . . . 1 1 1 . . 1 . 1 1 . 4 . Leg . | . . . . . . . . . . . . . . . . . . . . . . . . . . . . . . . Wheel 2 | . . . . . 1 1 . . . . . . . . . . . . . . . . . . . . . . . . Hover . | . . . . . . . . . . . . . . . . . . . . . . . . . . . . . . . Flight . | . . . . . . . . . . . . . . . . . . . . . . . . . . . . . . . Utility 81 | 2 3 2 1 . 5 3 3 5 1 1 . . 3 3 . 2 3 4 2 6 2 5 2 9 1 7 3 . 3 . Device 41 | 1 1 1 . . 2 . 2 2 . . . . 3 1 . 2 2 3 2 . 2 4 . 7 . 2 2 . 2 . Storage 8 | 1 2 1 1 . 1 . . . . . . . . . . . . . . 1 . . . . . . 1 . . . Processor 7 | . . . . . . . 1 . . . . . . 1 . . . . . 1 . . . 1 . 3 . . . . Hackware 4 | . . . . . . . . 1 . . . . . . . . . 1 . . . . 1 . . 1 . . . . Protection 21 | . . . . . 2 3 . 2 1 1 . . . 1 . . 1 . . 4 . 1 1 1 1 1 . . 1 . Artifact . | . . . . . . . . . . . . . . . . . . . . . . . . . . . . . . . Weapon 65 | 2 6 . 2 . 4 4 2 . 1 2 . 2 2 . . 1 1 9 1 3 1 3 2 8 . 5 1 . 3 . Energy Gun 8 | 2 . . . . 2 1 1 . . 1 . . 1 . . . . . . . . . . . . . . . . . Energy Cannon 20 | . . . . . . 1 1 . . . . 1 1 . . 1 . 3 . . . 2 . 4 . 3 . . 3 . Ballistic Gun 21 | . 5 . 1 . 1 1 . . . 1 . . . . . . 1 4 . 2 . . 2 3 . . . . . . Ballistic Cannon 4 | . . . . . . . . . . . . 1 . . . . . 1 . . . . . . . 2 . . . . Launcher 7 | . . . . . 1 1 . . 1 . . . . . . . . 1 1 . . . . 1 . . 1 . . . Special Weapon 3 | . 1 . . . . . . . . . . . . . . . . . . 1 . 1 . . . . . . . . Impact Weapon . | . . . . . . . . . . . . . . . . . . . . . . . . . . . . . . . Slashing Weapon . | . . . . . . . . . . . . . . . . . . . . . . . . . . . . . . . Piercing Weapon . | . . . . . . . . . . . . . . . . . . . . . . . . . . . . . . . Special Melee Weapon 2 | . . . 1 . . . . . . . . . . . . . . . . . 1 . . . . . . . . . Unidentified Prototypes 37 | . . . . . 3 2 . . . . . 1 2 1 . . . 3 . 5 . 2 . 5 2 6 . 1 4 . Corrupted Parts 1 | . . . . . . . . . . . . . . . . . . . . . 1 . . . . . . . . . System Corruption 2 | . . . . . . . . . . . . . . . . . . . . . 2 . . . . . . . . . Parts Lost 40 | . 1 1 . . 1 1 . . . 4 . . . . . . 2 1 1 . . 1 1 3 . . . 1 18 4 Power 5 | . . . . . . 1 . . . . . . . . . . 1 . . . . 1 . . . . . . 2 . Propulsion 9 | . 1 1 . . . . . . . . . . . . . . . . . . . . . . . . . . 6 1 Utility 13 | . . . . . 1 . . . . 2 . . . . . . . . 1 . . . . 2 . . . . 4 3 Weapon 13 | . . . . . . . . . . 2 . . . . . . 1 1 . . . . 1 1 . . . 1 6 . Highest Loss Streak 13 | . 1 1 . . 1 1 . . . 2 . . . . . . 1 1 1 . . 1 1 1 . . . 1 13 2 To Critical Strikes . | . . . . . . . . . . . . . . . . . . . . . . . . . . . . . . . Average Backups 20 | 3 9 17 20 18 21 23 22 21 20 18 19 18 19 20 21 21 20 21 22 22 23 21 20 20 5 21 22 23 13 2 Power 1 | . 1 2 3 1 2 1 1 2 2 1 1 1 1 1 1 1 . . . 1 1 . 1 1 . 1 1 1 . . Propulsion 2 | 1 2 1 2 4 3 3 3 3 3 2 3 3 2 2 2 2 2 2 1 1 2 2 2 2 . 1 1 3 1 . Utility 7 | . 1 5 7 5 6 7 6 6 6 5 5 5 6 7 8 8 8 8 8 9 10 10 11 8 1 11 13 12 7 . Weapon 8 | 1 3 6 7 7 9 10 11 9 9 7 8 7 8 10 9 9 8 10 10 10 9 7 5 8 2 7 4 5 2 2 Tool/Special . | . . . . . . . . . . . . . . . . . . . . . . . . . . . . . . . Unused Backups 51 | . 4 1 . 4 9 1 7 3 1 . . . 3 . . 1 . 2 . 3 . 2 1 . 1 5 1 . 2 . Power 6 | . 1 . . 1 2 . 1 . . . . . . . . . . . . 1 . . . . . . . . . . Propulsion 8 | . 2 . . . 2 . 4 . . . . . . . . . . . . . . . . . . . . . . . Utility 20 | . . . . 2 2 . 1 1 . . . . . . . 1 . 1 . 2 . 1 1 . 1 4 1 . 2 . Weapon 15 | . 1 . . 1 3 1 1 2 1 . . . 2 . . . . 1 . . . 1 . . . 1 . . . . Tool/Special 2 | . . 1 . . . . . . . . . . 1 . . . . . . . . . . . . . . . . . Average Slot Usage (%) 84 | . 100 99 100 100 88 90 84 87 92 90 56 84 78 75 73 71 76 81 81 86 87 87 87 87 44 82 78 75 53 10 Engine 2 | . 14 2 . . 8 6 7 7 7 6 . . . . . . . 4 5 . . . . . . . . . . . Core 1 | . . 11 14 14 . . . . . . . . . . . . . . . . . . . . . . . . . . Reactor 5 | . . . . . . . . . . . 7 7 6 6 6 6 5 5 5 10 11 10 10 10 3 9 9 10 7 . Treads 11 | . 28 27 28 28 8 6 7 7 7 7 7 7 5 6 6 6 6 5 8 11 11 11 10 10 6 14 14 13 12 1 Wheel 2 | . . . . . 8 6 7 6 6 6 7 7 6 6 6 6 6 5 2 . . . . . . . . . . . Device 13 | . 14 14 14 14 17 14 8 10 22 20 15 15 18 13 13 12 10 16 16 11 10 11 15 16 6 16 11 12 15 7 Storage 6 | . 14 14 14 14 9 7 7 7 7 7 7 7 6 6 6 6 6 5 5 5 5 5 6 5 1 4 4 4 2 . Processor 3 | . . . . . . . 6 3 . . . . . 6 6 6 6 . . 4 5 5 5 6 10 9 9 8 5 2 Hackware 1 | . . . . . . . . . . . . . . . . . . 4 5 5 5 3 3 2 . . 4 4 1 . Protection 6 | . . . . . 8 14 7 10 7 7 7 7 6 1 . . 5 5 5 10 11 11 13 13 10 8 3 4 2 . Energy Gun 7 | . 3 . . . 15 17 23 22 22 17 2 15 16 20 19 18 20 9 . . . . . . . . . . . . Energy Cannon 3 | . . . . . . . 6 7 7 7 . 7 5 6 6 5 4 4 5 1 4 2 2 2 1 . 3 4 1 . Ballistic Gun 12 | . 23 28 21 28 11 9 . . . 4 . 7 2 . . . 1 6 13 20 17 19 18 17 2 16 9 13 2 . Peak Build Rating 200 | 7 8 14 15 17 43 54 66 63 68 69 65 72 82 97 97 92 97 100 109 133 137 143 154 161 154 185 183 196 200 56 Average Rating 95 | 5 7 11 13 16 40 49 61 59 64 64 53 71 78 93 96 90 87 95 102 125 136 135 148 152 74 175 179 190 137 24 On Entrance 85 | . 7 8 12 13 17 43 54 63 59 63 69 64 72 80 92 92 92 81 98 107 132 137 134 147 154 154 183 180 187 56 Avg Prop Armor Cover (%) 9 | . . . . . 6 5 6 6 8 7 7 5 8 10 11 11 9 7 6 . 14 . . 6 38 6 . . 40 35 Naked Turns 71 | . . . . . . . . . . . . . . . . . . . . . . . . . . . . . . 71 Heaviest Build 253 | 14 30 50 50 50 107 122 125 129 119 136 129 139 141 133 125 127 152 173 182 179 179 181 190 186 171 185 240 253 245 3 Greatest Support 240 | 40 40 40 40 40 28 28 28 28 90 28 28 28 28 28 28 28 28 70 140 150 160 160 160 160 160 240 240 240 240 3 Greatest Overweight (x) 59 | . . 1 1 1 3 4 4 4 4 4 4 4 5 4 4 4 5 6 6 1 59 1 1 2 1 1 . 1 1 . Average Overweight (x) 3 | . . . 1 1 2 3 4 4 3 3 4 4 4 4 4 3 4 5 3 1 42 1 1 . . . . . . . Largest Inventory Capacity 30 | 8 15 20 20 20 25 25 25 25 25 25 25 25 25 25 25 25 25 25 25 25 25 25 25 25 25 25 30 30 30 5 Average Capacity 23 | 7 11 18 20 20 23 25 25 25 25 25 25 25 25 25 25 25 25 25 25 25 25 25 25 25 10 25 27 30 21 5 Most Carried 30 | 5 12 20 20 20 25 25 25 25 25 25 25 25 25 25 25 25 25 25 25 25 25 25 25 25 25 25 30 30 30 3 Average Carried 22 | 3 9 17 19 19 22 24 24 24 24 23 25 24 24 24 24 24 23 24 24 24 24 24 24 24 6 24 26 29 16 2 Final Capacity 30 | 8 15 20 20 20 25 25 25 25 25 25 25 25 25 25 25 25 25 25 25 25 25 25 25 25 25 25 30 30 5 5 Final Carried 30 | 5 12 20 20 20 25 25 25 25 25 25 25 25 25 25 25 25 25 25 25 25 25 24 25 25 25 25 30 30 3 2 Class Distribution -------------------- 35% | Scavenger-Tank 23% | Tank 12% | Skirmisher 10% | Scavenger-Mutant 8% | Mutant 4% | Commander-Tank Dominant Class ---------------- Mutant | -10/Materials Scavenger-Mutant | -10/Mines Scavenger-Mutant | -10/Exiles Scavenger-Mutant | -9/Mines Tank | -8/Materials Tank | -7/Factory Skirmisher | -7/Waste Skirmisher | -7/Factory Tank | -7/Lower Caves Tank | -7/Lower Caves Mutant | -7/Data Miner Tank | -6/Proximity Caves Scavenger-Tank | -6/Factory Skirmisher | -6/Lower Caves Skirmisher | -6/Lower Caves Tank | -6/Zion Skirmisher | -5/Proximity Caves Tank | -5/Factory Scavenger-Tank | -5/Extension Commander-Tank | -5/Cetus Scavenger-Tank | -5/Archives Scavenger-Tank | -5/Hub_04(d) Scavenger-Tank | -4/Factory Scavenger-Tank | -4/Armory Mutant | -4/Lab Scavenger-Tank | -3/Research Scavenger-Tank | -3/Garrison Hauler-Tank | -2/Research Hauler-Tank | -2/Quarantine Mutant | -1/Access Resources | -11 -10 -10 -10 -9 -8 -7 -7 -7 -7 -7 -7 -6 -6 -6 -6 -6 -5 -5 -5 -5 -5 -5 -4 -4 -4 -3 -3 -2 -2 -1 ----------- Run | Yrd Mat Min Exi Min Mat Fac Was Fac Low Low Dat Pro Fac Low Low Zio Pro Fac Ext Cet Arc Hub Fac Arm Lab Res Gar Res Qua Acc Matter Collected 13859 | 270 556 183 50 6 558 185 312 194 261 314 . 101 109 1290 422 256 701 373 608 420 190 1206 927 1915 219 984 644 80 525 . Remotely 3530 | . . . . . . . . 156 . 111 . . . . 115 256 . . . . . 586 312 1254 . 342 398 . . . Salvage Created 17957 | 99 566 173 . . 1109 456 1406 396 193 222 . . 299 411 195 . 433 995 779 582 196 1833 677 1883 . 1472 1343 389 1850 . Parts 848 | 7 35 6 . . 63 20 23 21 7 9 . . 13 4 1 . 14 62 41 39 16 111 43 117 . 52 68 21 55 . Haulers Intercepted 17 | . 2 . . . 6 1 . . . . . . 1 . . . . 1 . . . 1 . . . 5 . . . . Recyclers Shooed 5 | . . . . . . 1 . . . . . . . . . . . 2 1 . . . . . . 1 . . . . Parts Field Recycled . | . . . . . . . . . . . . . . . . . . . . . . . . . . . . . . . Retrieved Matter . | . . . . . . . . . . . . . . . . . . . . . . . . . . . . . . . Parts Self-Destructed 52 | . . . . . . . . . 5 12 . . . 7 . . 28 . . . . . . . . . . . . . Prevented 3 | . . . . . . . . . . 3 . . . . . . . . . . . . . . . . . . . . Parts Restored . | . . . . . . . . . . . . . . . . . . . . . . . . . . . . . . . Kills | -11 -10 -10 -10 -9 -8 -7 -7 -7 -7 -7 -7 -6 -6 -6 -6 -6 -5 -5 -5 -5 -5 -5 -4 -4 -4 -3 -3 -2 -2 -1 ------- Run | Yrd Mat Min Exi Min Mat Fac Was Fac Low Low Dat Pro Fac Low Low Zio Pro Fac Ext Cet Arc Hub Fac Arm Lab Res Gar Res Qua Acc Combat Hostiles Destroyed 242 | . 10 4 . . 18 8 6 7 6 3 . . 3 4 3 . 12 12 12 6 1 22 8 28 . 11 18 2 38 . Melee 1 | . . . . . . . . . . . . . . . . . . 1 . . . . . . . . . . . . Guns 135 | . 10 4 . . 15 3 2 3 2 2 . . 1 3 . . 2 8 7 6 1 19 7 25 . 11 2 1 1 . Cannons 31 | . . . . . . . 4 3 1 1 . . 2 . . . 2 3 1 . . 2 1 . . . 6 1 4 . AOE 64 | . . . . . 3 5 . . 3 . . . . . 3 . 7 . 3 . . . . . . . 10 . 30 . Classes Destroyed 25 | 2 3 . . . 4 1 1 1 . 2 . . 1 1 . . . . . 1 . 3 . 1 . 3 . . 1 . Worker 7 | 1 1 . . . . 1 . 1 . . . . . . . . . 1 . . . 2 . . . . . . . . Builder 3 | . . . . . 1 . . . . . . . 1 . . . . 1 . . . . . . . . . . . . Tunneler 7 | 3 1 1 . . 1 . . 1 . . . . . . . . . . . . . . . . . . . . . . Hauler 17 | . 2 . . . 6 1 . . . . . . 1 . . . . 1 . . . 1 . . . 5 . . . . Recycler 7 | . . . . . 1 2 . . . . . . . . . . . 1 1 . . . . . . . . 2 . . Mechanic 3 | . . . . . . . . . . . . . . . . . . . . . . . . . . . . . 3 . Operator 8 | . 1 . . . . . . . . . . . . . . . . . 1 . 3 . . 2 . . . . 1 . Watcher 2 | . . . . . . . . . . . . . . . . . . . . 1 . 1 . . . . . . . . Swarmer 51 | . . . . . 7 5 . . 3 . . . . 1 3 . 8 1 3 . . . . 3 . 1 11 . 5 . Saboteur 2 | . . . . . . . . . . . . . . . . . . . . . . 1 . 1 . . . . . . Grunt 59 | . 10 4 . . 3 2 . 4 2 . . . . 2 . . . . 2 . . 5 . 3 . 1 4 . 17 . Brawler 7 | . . . . . . . . . . . . . . . . . . . . . . 1 . 1 . . 1 . 4 . Duelist 11 | . . . . . . . . 1 . . . . . . . . . . . . . 1 . 3 . . 1 . 5 . Protector 4 | . . . . . . . . . . . . . . . . . . . . . . 1 . 1 . . . . 2 . Sentry 31 | . . . . . 8 . . . 1 1 . . 1 1 . . 1 2 5 . 1 3 4 2 . 1 . . . . Demolisher 2 | . . . . . . . . . . . . . . . . . . . . . . . . . . 2 . . . . Specialist 3 | . . . . . . . . . . . . . . . . . . . . . . . . 3 . . . . . . Hunter 10 | . . . . . . . . . . 1 . . . . . . 2 2 . . . 1 2 . . . . . 2 . Programmer 33 | . . . . . . 1 . 2 . . . . 1 . . . . 7 . . . 3 2 12 . 2 . 2 1 . Heavy 1 | . . . . . . . . . . . . . 1 . . . . . . . . . . . . . . . . . Behemoth 4 | . . . . . . . . . . 1 . . . . . . 1 . 2 . . . . . . . . . . . Compactor 6 | . . . . . . . 6 . . . . . . . . . . . . . . . . . . . . . . . Cetus Guard 6 | . . . . . . . . . . . . . . . . . . . . 6 . . . . . . . . . . Lightning 6 | . . . . . . . . . . . . . . . . . . . . . . 6 . . . . . . . . Striker 4 | . . . . . . . . . . . . . . . . . . . . . . . . . . 3 . . 1 . Executioner 3 | . . . . . . . . . . . . . . . . . . . . . . . . . . 1 1 . 1 . Samaritan 2 | . . . . . . . . . . . . . . 2 . . . . . . . . . . . . . . . . Thug 1 | . . . . . . . . . . . . . . . . . . . . 1 . . . . . . . . . . Best Kill Streak 36 | 3 3 3 . . 3 5 1 7 3 1 . . 1 4 3 . 5 4 4 4 1 6 2 6 . 2 5 2 36 . Combat Bots Only 32 | . 2 2 . . 3 4 1 6 3 1 . . 1 4 3 . 5 2 4 3 1 6 2 6 . 2 5 2 32 . Max Kills in Single Turn 9 | 1 1 1 . . 3 3 1 2 2 1 . . 1 1 1 . 4 2 3 3 1 2 1 4 . 2 3 1 9 . Gunslinging 1 | . . . . . . . . . . . . . . . . . . . 1 . . . . 1 . . . . . . Exploded 7 | . . . . . 3 3 . . 2 . . . . . 1 . 4 . 3 . . . . . . . 3 . 7 . Melee 1 | . . . . . . . . . . . . . . . . . . 1 . . . . . . . . . . . . Uniques/NPCs Destroyed 1 | . . . . . . . . . . . . . . . . . . . . 1 . . . . . . . . . . A7 (-5/Cetus) Combat | -11 -10 -10 -10 -9 -8 -7 -7 -7 -7 -7 -7 -6 -6 -6 -6 -6 -5 -5 -5 -5 -5 -5 -4 -4 -4 -3 -3 -2 -2 -1 -------- Run | Yrd Mat Min Exi Min Mat Fac Was Fac Low Low Dat Pro Fac Low Low Zio Pro Fac Ext Cet Arc Hub Fac Arm Lab Res Gar Res Qua Acc Hostile Shots Fired 1465 | . 52 33 . . 50 23 . 72 37 57 . . 20 70 9 . 48 26 25 27 . 142 57 115 . 20 18 28 378 158 Missed 376 | . 13 5 . . 19 6 . 14 8 22 . . 7 14 4 . 8 8 6 9 . 29 14 22 . 3 3 7 86 69 Hits 1089 | . 39 28 . . 31 17 . 58 29 35 . . 13 56 5 . 40 18 19 18 . 113 43 93 . 17 15 21 292 89 Melee 87 | . . . . . . . . . . . . . . . . . . . . . . 15 . 10 . 2 1 . 59 . Projectile 1002 | . 39 28 . . 31 17 . 58 29 35 . . 13 56 5 . 40 18 19 18 . 98 43 83 . 15 14 21 233 89 AOE 7 | . . . . . . . . . . . . . . . . . . 1 . . . 1 . . . 3 . . 2 . Critical Strikes 73 | . . 1 . . 2 . . . . 1 . . . 1 . . 1 . 3 3 . 26 2 5 . 1 1 2 23 1 Actively Blocked 24 | . . . . . . . . . . . . . . . . . . . . . . . . . . . . . 23 1 Part Disruptions 6 | . . . . . . . . . . . . . . . . . . . . . . . . 5 . 1 . . . . Damage Taken 22576 | 5 546 359 . 10 327 350 . 892 259 504 . . 263 752 89 . 756 240 244 246 25 2450 458 1308 . 1014 392 406 8496 2185 Core 3075 | . 96 68 . . 16 43 . 59 . 44 . . 53 68 . . 32 21 22 . . 94 39 62 . 161 20 28 568 1581 Absorbed by Shields 1734 | . . . . . 96 . . . . . . . . . . . . 247 219 259 26 216 393 114 . . 17 . 147 . Reduced by Siege Mode 1116 | . . . . . . . . 47 13 . . . . 40 . . 22 . 4 8 . 129 4 19 . . 5 7 818 . Redirected to Shielding 83 | . . . . . . . . . . . . . . . . . . . . . . . . 49 . 34 . . . . Ignored by Resistances 2131 | . . . . . . . . . . . . . . . . . . . . . . 1353 83 424 . . . 271 . . Regen/Repaired (Parts) 1501 | . . . . . . . . . . . . . . . . . . 448 . 26 . 278 247 330 21 151 . . . . Core Remaining (%) 78 | 100 . . . 34 97 . . . . . . 79 . . . . 82 . . . . 86 . . 100 . 86 . 38 . Volleys Fired 901 | 7 57 17 . . 56 11 37 38 43 47 . 4 45 39 9 1 24 48 27 39 7 71 38 82 22 43 36 16 35 2 Largest 4 | 2 2 2 . . 3 4 4 4 4 4 . 1 4 4 2 1 4 4 4 4 3 4 4 4 1 4 4 4 4 1 Hottest 321 | 80 100 40 . . 141 219 201 201 201 201 . 120 275 220 110 90 235 321 314 132 99 212 212 136 120 223 246 223 252 120 Shots Fired 2041 | 14 113 34 . . 160 32 77 76 59 73 1 5 69 81 12 1 61 103 100 72 22 205 131 222 23 118 86 34 55 2 Gun 1429 | 14 112 34 . . 157 28 40 39 18 29 1 1 24 42 3 . 39 57 76 44 22 173 120 188 . 94 47 18 9 . Cannon 567 | . . . . . . . 37 37 37 44 . 4 45 39 3 1 20 46 23 26 . 30 11 34 23 24 34 16 31 2 Launcher 42 | . . . . . 3 4 . . 4 . . . . . 6 . 2 . 1 . . 2 . . . . 5 . 15 . Special 3 | . 1 . . . . . . . . . . . . . . . . . . 2 . . . . . . . . . . Kinetic 1088 | . 105 34 . . 69 13 . . . 7 1 1 . . . . 1 30 86 44 22 178 120 188 . 99 59 18 13 . Thermal 878 | 7 1 . . . 88 15 77 76 55 66 . 4 69 81 6 1 58 73 13 26 . 22 11 26 23 19 22 16 21 2 Explosive 32 | . . . . . 3 4 . . 4 . . . . . 6 . 2 . 1 . . 2 . . . . 5 . 5 . Electromagnetic 41 | 7 7 . . . . . . . . . . . . . . . . . . . . 3 . 8 . . . . 16 . Robot Hit Streak 30 | 4 11 11 . . 17 5 11 11 21 22 . . 10 22 10 . 15 5 9 24 5 10 28 30 . 7 29 18 21 . Robot Miss Streak 8 | 4 3 1 . . 3 8 4 2 . 2 . . 2 3 4 . 3 5 8 3 3 4 5 3 . 2 3 . 5 . Penetration Max 2 | . . . . . . . . . . . . . . . . . . 1 1 2 . 1 . 2 . 1 1 . . . Secondary Targets 14 | . 1 . . . . . . . . . . . . . . . . . 1 2 . 4 . 5 . 1 . . . . Max Gunslinging Chain 1 | . 1 . . . . . . . . . . . . . . . . . 1 1 . 1 . 1 . 1 . . . . Shots Hit Robots 1115 | 7 76 28 4 . 102 14 41 31 19 20 . . 28 45 5 . 36 35 55 55 13 119 77 143 . 63 55 15 29 . Core Hits 619 | 4 33 12 . . 35 21 19 16 10 9 . . 12 14 9 . 28 29 29 22 6 53 38 57 . 28 44 6 84 1 Critical Kills 108 | . . . . . . . . . . . . . . . . . . 5 9 8 4 21 7 26 . 14 9 1 4 . Critical Parts Destroyed 121 | . . . . . . . . . . . . . . . . . . 3 4 8 1 18 15 43 . 16 10 3 . . Critical Strikes 269 | . . . . . 3 . . 1 . 1 . . . 1 . . . 9 16 21 5 44 25 81 . 35 19 4 4 . Burn 7 | . . . . . 3 . . 1 . 1 . . . 1 . . . 1 . . . . . . . . . . . . Meltdown 3 | . . . . . . . . . . . . . . . . . . . 1 . . . . . . . . . 2 . Destroy 257 | . . . . . . . . . . . . . . . . . . 8 15 21 5 43 25 80 . 35 19 4 2 . Blast 1 | . . . . . . . . . . . . . . . . . . . . . . 1 . . . . . . . . Corrupt 1 | . . . . . . . . . . . . . . . . . . . . . . . . 1 . . . . . . Melee Attacks 5 | . . . 4 . . . . . . . . . . . . . . . . . 1 . . . . . . . . . Impact . | . . . . . . . . . . . . . . . . . . . . . . . . . . . . . . . Slashing . | . . . . . . . . . . . . . . . . . . . . . . . . . . . . . . . Piercing . | . . . . . . . . . . . . . . . . . . . . . . . . . . . . . . . Sneak Attacks 5 | . . . 4 . . . . . . . . . . . . . . . . . 1 . . . . . . . . . Combat Hostiles . | . . . . . . . . . . . . . . . . . . . . . . . . . . . . . . . Follow-up Attacks . | . . . . . . . . . . . . . . . . . . . . . . . . . . . . . . . Damage Inflicted 32212 | 122 998 373 . 12 2089 964 1560 818 586 499 . . 742 1057 431 . 1393 835 1816 954 94 1810 606 1884 . 647 1917 324 9669 12 Guns 11600 | 100 988 339 . . 1925 323 452 591 211 272 . . 389 640 56 . 560 427 334 281 94 640 440 1565 . 540 308 88 37 . Cannons 8697 | . . . . . . . 1108 227 82 227 . . 353 417 27 . 308 373 814 673 . 572 158 307 . 95 555 236 2165 . Explosions 11756 | 22 . . . . 164 641 . . 293 . . . . . 348 . 525 . 668 . . 574 . . . . 1054 . 7467 . Melee . | . . . . . . . . . . . . . . . . . . . . . . . . . . . . . . . Ramming 159 | . 10 34 . 12 . . . . . . . . . . . . . 35 . . . 24 8 12 . 12 . . . 12 Kinetic 7311 | . 917 339 . . 738 154 . . . 74 . . . . . . 6 120 630 281 94 800 440 1565 . 574 437 88 54 . Thermal 17177 | 66 . . . . 1187 169 1560 818 293 425 . . 742 1057 83 . 862 680 729 673 . 322 158 . . 61 426 236 6630 . Explosive 6108 | . . . . . 164 641 . . 293 . . . . . 348 . 525 . 457 . . 469 . . . . 1054 . 2157 . Electromagnetic 1457 | 56 71 . . . . . . . . . . . . . . . . . . . . 195 . 307 . . . . 828 . Impact . | . . . . . . . . . . . . . . . . . . . . . . . . . . . . . . . Slashing . | . . . . . . . . . . . . . . . . . . . . . . . . . . . . . . . Piercing . | . . . . . . . . . . . . . . . . . . . . . . . . . . . . . . . Highest Corruption 26 | . . . . . . . 24 25 25 25 25 25 1 1 1 1 . 2 2 2 2 16 . 11 11 . . 7 26 3 Average Corruption 9 | . . . . . . . 13 24 25 25 25 25 1 1 1 1 . 1 2 2 1 10 . 7 11 . . 2 18 1 Corruption Purged 4 | . . . . . . . . . . . . . . . . . . . . . 4 . . . . . . . . . Corruption Blocked . | . . . . . . . . . . . . . . . . . . . . . . . . . . . . . . . Effects 368 | . . . . . . . 11 41 54 48 8 21 . 17 9 . . 6 13 15 2 29 . 38 19 . . 5 30 2 Message Errors 88 | . . . . . . . 2 9 16 11 3 6 . 5 2 . . . 2 4 . 9 . 8 4 . . 2 5 . Matter Fused 89 | . . . . . . . 5 9 14 12 1 4 . 5 3 . . 1 1 1 . 5 . 11 10 . . . 5 2 Heat Flow Errors 36 | . . . . . . . 1 2 6 7 . 1 . 1 1 . . . 4 1 . 2 . 4 2 . . . 4 . Energy Discharges 55 | . . . . . . . 2 8 10 7 2 4 . 3 2 . . 1 1 1 1 3 . 4 2 . . 1 3 . Parts Rejected 5 | . . . . . . . . . 1 . . . . . . . . . 1 . . . . 1 . . . 1 1 . Parts Fused 4 | . . . . . . . . 2 . . . . . . . . . . . . . . . 1 . . . . 1 . Data Loss (minor) 31 | . . . . . . . . 5 3 4 1 3 . 2 1 . . 2 . 4 . 2 . 2 . . . 1 1 . Data Loss (major) 16 | . . . . . . . . 1 2 . . 1 . . . . . 1 2 2 . 2 . 3 . . . . 2 . Misfires 13 | . . . . . . . 1 . . 3 1 1 . 1 . . . . 1 1 1 1 . . 1 . . . 1 . Alerts 7 | . . . . . . . . 1 . . . 1 . . . . . 1 1 . . . . 3 . . . . . . Misdirections 5 | . . . . . . . . 1 . 1 . . . . . . . . . . . . . . . . . . 3 . Weapon Failures 19 | . . . . . . . . 3 2 3 . . . . . . . . . 1 . 5 . 1 . . . . 4 . Overload Shots . | . . . . . . . . . . . . . . . . . . . . . . . . . . . . . . . Overflow Damage 1102 | . . . . . 8 . . . . . . . . 29 . . 54 . 17 4 . 51 . . . . 48 . 891 . Projectiles 555 | . . . . . . . . . . . . . . 29 . . . . 12 4 . 51 . . . . . . 459 . Explosions 547 | . . . . . 8 . . . . . . . . . . . 54 . 5 . . . . . . . 48 . 432 . Melee . | . . . . . . . . . . . . . . . . . . . . . . . . . . . . . . . Knockbacks 5 | . . . . . . . . . . . . . . . . . . . 1 . . 1 . 1 . . 2 . . . Impact 1 | . . . . . . . . . . . . . . . . . . . . . . . . 1 . . . . . . Kinetic 4 | . . . . . . . . . . . . . . . . . . . 1 . . 1 . . . . 2 . . . Secondary . | . . . . . . . . . . . . . . . . . . . . . . . . . . . . . . . Self-Inflicted Damage 1113 | 5 . . . . . 38 . . . . . . . . 19 . 19 17 . . . 114 . . . . 64 . 832 5 Shots 21 | 1 . . . . . 1 . . . . . . . . 1 . 1 . . . . 2 . . . . 1 . 14 . Rammed 24 | . 3 5 . 3 . . . . . . . . . . . . . 2 . . . 1 1 1 . 1 . . . 7 Targets Rammed 26 | . 4 6 . 3 . . . . . . . . . . . . . 2 . . . 1 1 1 . 1 . . . 7 Kicked . | . . . . . . . . . . . . . . . . . . . . . . . . . . . . . . . Crushed 2 | . 1 1 . . . . . . . . . . . . . . . . . . . . . . . . . . . . Highest Temperature 440 | 72 48 31 . . 338 78 356 196 196 197 . 199 75 196 107 34 198 310 440 229 . 240 229 233 200 395 96 99 169 48 Average Temperature 71 | 29 17 11 . . 68 30 116 101 81 64 . 87 15 85 35 19 91 67 94 90 . 64 57 47 68 156 36 41 43 42 Received Heat Transfer 3231 | . 294 222 . . 146 18 . 414 51 102 . . 18 279 . . 81 6 375 24 . 243 40 57 . 69 28 . 548 216 Effects 7 | . . . . . 3 . 1 . . . . . . . . . . . 2 . . . . . . 1 . . . . Shutdowns 2 | . . . . . 1 . . . . . . . . . . . . . 1 . . . . . . . . . . . Energy Bleed 2 | . . . . . . . 1 . . . . . . . . . . . . . . . . . . 1 . . . . Interference 2 | . . . . . 2 . . . . . . . . . . . . . . . . . . . . . . . . . Damage (minor) 1 | . . . . . . . . . . . . . . . . . . . 1 . . . . . . . . . . . Siege Activations 29 | . . . . . . . . 1 2 1 . . 1 1 . . 3 1 3 2 . 2 1 6 . . 3 1 1 . Total Turns 605 | . . . . . . . . 41 36 17 . . 2 29 . . 33 9 30 32 . 116 31 103 . . 48 10 68 . Longest Duration 82 | . . . . . . . . 41 20 17 . . 2 29 . . 16 9 13 17 . 82 31 42 . . 21 10 68 . Martial Activations . | . . . . . . . . . . . . . . . . . . . . . . . . . . . . . . . Shielding Activations . | . . . . . . . . . . . . . . . . . . . . . . . . . . . . . . . Robots Disrupted 1 | . 1 . . . . . . . . . . . . . . . . . . . . . . . . . . . . . Combat Hostiles 1 | . 1 . . . . . . . . . . . . . . . . . . . . . . . . . . . . . Robots Corrupted 5 | . . . . . . . . . . . . . . . . . . . . . . 1 . 3 . . . . 1 . Combat Hostiles 5 | . . . . . . . . . . . . . . . . . . . . . . 1 . 3 . . . . 1 . Parts Fried 15 | . . . . . . . . . . . . . . . . . . . . . . 7 . 7 . . . . 1 . Impact Corruptions . | . . . . . . . . . . . . . . . . . . . . . . . . . . . . . . . Robots Melted 6 | . . . . . . . . 1 . . . . . 1 . . 1 . 1 . . . . . . . . . 2 . Combat Hostiles 6 | . . . . . . . . 1 . . . . . 1 . . 1 . 1 . . . . . . . . . 2 . Parts Melted 29 | . . . . . 4 . . 3 3 2 . . 5 5 . . 1 1 . . . 1 . . . . . 1 3 . Heat Transferred 21236 | 150 . . . . 2442 311 3141 1406 518 740 . . 1103 1887 148 . 1194 973 594 385 . 259 111 . . 18 370 185 5301 . Parts Sabotaged 1 | . . . . . . . . . . . . . . . . . . . . . . . . . . . . . 1 . Parts Stolen . | . . . . . . . . . . . . . . . . . . . . . . . . . . . . . . . Parts Stripped . | . . . . . . . . . . . . . . . . . . . . . . . . . . . . . . . Power Chain Reactions 5 | 1 . . . . . . . . . . . . . . . . . . . . . . . . . . . . 4 . Alert | -11 -10 -10 -10 -9 -8 -7 -7 -7 -7 -7 -7 -6 -6 -6 -6 -6 -5 -5 -5 -5 -5 -5 -4 -4 -4 -3 -3 -2 -2 -1 ------- Run | Yrd Mat Min Exi Min Mat Fac Was Fac Low Low Dat Pro Fac Low Low Zio Pro Fac Ext Cet Arc Hub Fac Arm Lab Res Gar Res Qua Acc Maximum Alert Level 5 | . . . . . 1 1 . . . . . . . . . . . 1 2 1 1 3 1 2 . . 3 1 5 5 Low Security (%) 80 | 100 100 100 . 100 80 99 100 100 . . . . 100 . . . . 51 40 87 98 16 62 48 . 100 17 70 . . Level 1 11 | . . . . . 19 . . . . . . . . . . . . 48 13 12 1 25 37 34 . . 30 29 . . Level 2 5 | . . . . . . . . . . . . . . . . . . . 45 . . 42 . 17 . . 45 . . . Level 3 . | . . . . . . . . . . . . . . . . . . . . . . 15 . . . . 6 . . . Level 4 . | . . . . . . . . . . . . . . . . . . . . . . . . . . . . . . 1 Level 5 . | . . . . . . . . . . . . . . . . . . . . . . . . . . . . . . 98 High Security . | . . . . . . . . . . . . . . . . . . . . . . . . . . . . . . . Max Security 1 | . . . . . . . . . . . . . . . . . . . . . . . . . . . . . 99 . Peak Influence 2729 | 10 122 95 . . 278 202 11 129 . . . . 46 . . . . 277 561 388 250 775 369 534 . 97 705 396 2729 1857 Initial 1632 | . . 23 . . . 119 11 . . . . . . . . . . 196 102 60 143 . 369 53 . . 80 396 64 1632 Average 145 | 1 39 15 . . 76 120 . 39 . . . . 8 . . . . 197 316 116 9 393 174 198 . 15 382 169 2344 1765 Influence Increases 11119 | 20 331 284 . . 712 325 . 216 130 80 . . 161 85 80 . 618 801 797 732 207 1293 280 1061 . 445 645 133 1302 381 Destroy 0b10 Robot/C 5880 | . 200 200 . . 400 200 . 140 120 60 . . 60 80 60 . 500 420 380 340 80 540 160 560 . 220 400 40 720 . Destroy 0b10 Robot/NC 390 | 20 25 5 . . 45 25 . 10 . . . . 10 5 10 . 20 30 20 10 15 45 . 10 . 25 20 10 30 . Destroy Leader 1080 | . 44 50 . . 142 44 . 30 10 20 . . 32 . 10 . 20 92 42 20 . 124 60 130 . 90 20 10 90 . Allied During Kill 883 | . . 14 . . 4 22 . . . . . . . . . . 78 100 74 320 95 159 . . . . 17 . . . Successful Hack 501 | . 28 . . . 33 . . 8 . . . . 27 . . . . 72 7 . . . 7 209 . 72 10 28 . . Disable Machine 450 | . 15 15 . . 15 15 . 15 . . . . 15 . . . . 15 75 . 15 150 . 15 . . 15 15 60 . Destroy Structure 1215 | . 4 . . . 28 19 . 13 . . . . 17 . . . . 72 124 42 2 260 38 62 . 38 103 30 357 6 Partial Spotted 45 | . 15 . . . . . . . . . . . . . . . . . . . . . . . . . . . . 30 Lose Combat Pursuer 675 | . . . . . 45 . . . . . . . . . . . . . 75 . . 15 15 75 . . 60 . 45 345 Influence Decreases 10822 | 20 271 344 . . 449 556 32 169 177 80 . . 161 85 77 3 306 904 897 483 565 538 926 647 523 338 47 723 231 1270 Entered New Map 3153 | . . 37 . . . 144 21 . 19 . . . . . . 3 . 116 107 49 215 . 386 56 523 . 27 309 51 1090 Time Decay 6049 | 20 261 297 . . 419 342 11 169 158 80 . . 161 85 77 . 266 618 440 374 310 448 380 401 . 338 . 254 . 140 Lost Part 360 | . 10 10 . . 10 10 . . . . . . . . . . 20 10 10 . . 10 10 30 . . . 10 180 40 Lost Ally 510 | . . . . . 20 60 . . . . . . . . . . 20 160 40 60 40 80 . 10 . . 20 . . . Purge Threat 750 | . . . . . . . . . . . . . . . . . . . 300 . . . 150 150 . . . 150 . . Squads Dispatched 85 | . 2 1 . . 5 4 . 1 . . . . 4 . . . 1 5 2 . . 7 2 7 . 6 . 1 30 7 Investigation 7 | . 1 1 . . . 1 . . . . . . . . . . 1 . . . . . 1 . . 1 . . . 1 Extermination 20 | . . . . . . 2 . 1 . . . . 1 . . . . 4 . . . 2 1 5 . 1 . 1 . 2 Reinforcement 22 | . 1 . . . 2 1 . . . . . . 3 . . . . 1 2 . . 2 . 2 . 4 . . . 4 Assault 33 | . . . . . . . . . . . . . . . . . . . . . . 3 . . . . . . 30 . Garrison 3 | . . . . . 3 . . . . . . . . . . . . . . . . . . . . . . . . . Intercept . | . . . . . . . . . . . . . . . . . . . . . . . . . . . . . . . Searches Triggered . | . . . . . . . . . . . . . . . . . . . . . . . . . . . . . . . Data Miner Redirects 1 | . . . . . . . . . . . . . . . . . . . . . . 1 . . . . . . . . Construction Impeded 1 | . . . . . . . . . . . . . 1 . . . . . . . . . . . . . . . . . Haulers Reinforced 2 | . . . . . . . . . . . . . . . . . . . . . . . . . . 2 . . . . Active Scanning Responses . | . . . . . . . . . . . . . . . . . . . . . . . . . . . . . . . Cargo Convoy Interrupts . | . . . . . . . . . . . . . . . . . . . . . . . . . . . . . . . Stealth | -11 -10 -10 -10 -9 -8 -7 -7 -7 -7 -7 -7 -6 -6 -6 -6 -6 -5 -5 -5 -5 -5 -5 -4 -4 -4 -3 -3 -2 -2 -1 --------- Run | Yrd Mat Min Exi Min Mat Fac Was Fac Low Low Dat Pro Fac Low Low Zio Pro Fac Ext Cet Arc Hub Fac Arm Lab Res Gar Res Qua Acc Distress Signals 28 | . . . . . 8 1 . 2 . . . . . . . . . 2 1 2 . 2 . 1 . 5 . 1 1 2 Communications Jammed 51 | . . . . . . . . . . . . . . . . . . 29 . . . 3 . 13 . . . 2 4 . Distress Signals 47 | . . . . . . . . . . . . . . . . . . 27 . . . 3 . 13 . . . . 4 . Times Spotted 557 | . 31 10 . . 25 12 6 9 6 3 . . 8 6 3 . 20 25 22 12 8 45 11 37 . 24 15 8 161 50 Peak Tracking Total 43 | . 4 2 . . 5 4 1 7 3 1 . . 2 5 3 . 5 4 5 5 1 13 4 8 . 5 4 4 43 15 Tactical Retreats 26 | . . . . . 2 . . . . . . . . . . . . . 5 . . 1 1 4 . . 4 . 2 7 Traps | -11 -10 -10 -10 -9 -8 -7 -7 -7 -7 -7 -7 -6 -6 -6 -6 -6 -5 -5 -5 -5 -5 -5 -4 -4 -4 -3 -3 -2 -2 -1 ------- Run | Yrd Mat Min Exi Min Mat Fac Was Fac Low Low Dat Pro Fac Low Low Zio Pro Fac Ext Cet Arc Hub Fac Arm Lab Res Gar Res Qua Acc Traps Triggered 29 | . 2 . . . 7 3 . . . . . . . . . . . 5 5 . . . . 1 . . 1 2 . 3 Indirectly . | . . . . . . . . . . . . . . . . . . . . . . . . . . . . . . . Trap Hack Attempts . | . . . . . . . . . . . . . . . . . . . . . . . . . . . . . . . Triggered . | . . . . . . . . . . . . . . . . . . . . . . . . . . . . . . . Disarmed . | . . . . . . . . . . . . . . . . . . . . . . . . . . . . . . . Reprogrammed . | . . . . . . . . . . . . . . . . . . . . . . . . . . . . . . . Reused . | . . . . . . . . . . . . . . . . . . . . . . . . . . . . . . . Traps Extracted . | . . . . . . . . . . . . . . . . . . . . . . . . . . . . . . . Installed . | . . . . . . . . . . . . . . . . . . . . . . . . . . . . . . . Triggered . | . . . . . . . . . . . . . . . . . . . . . . . . . . . . . . . Machines | -11 -10 -10 -10 -9 -8 -7 -7 -7 -7 -7 -7 -6 -6 -6 -6 -6 -5 -5 -5 -5 -5 -5 -4 -4 -4 -3 -3 -2 -2 -1 ---------- Run | Yrd Mat Min Exi Min Mat Fac Was Fac Low Low Dat Pro Fac Low Low Zio Pro Fac Ext Cet Arc Hub Fac Arm Lab Res Gar Res Qua Acc Machines Disabled 34 | . 1 1 . . 1 1 . 1 . . . . 1 . . . 2 1 5 . 1 10 1 1 1 . 1 1 4 . Max in Single Turn 6 | . 1 1 . . 1 1 . 1 . . . . 1 . . . 1 1 5 . . 6 1 1 1 . 1 1 1 . Garrison Access 5 | . . . . . 1 . . . . . . . . . . . . 1 . . . 1 . . . 1 . . . 1 Network Hub 3 | . . . . . . . . . . . . . . . . . . . . . . 3 . . . . . . . . Energy Cycler 3 | . . . . . . . . . . . . . . . . . . . 3 . . . . . . . . . . . Machines Repaired . | . . . . . . . . . . . . . . . . . . . . . . . . . . . . . . . Machines Dismantled 1 | . . . . . . . . . . . . . . . . . . . . . . 1 . . . . . . . . Machines Sabotaged . | . . . . . . . . . . . . . . . . . . . . . . . . . . . . . . . Overloaded Fab Kills . | . . . . . . . . . . . . . . . . . . . . . . . . . . . . . . . Hacking | -11 -10 -10 -10 -9 -8 -7 -7 -7 -7 -7 -7 -6 -6 -6 -6 -6 -5 -5 -5 -5 -5 -5 -4 -4 -4 -3 -3 -2 -2 -1 --------- Run | Yrd Mat Min Exi Min Mat Fac Was Fac Low Low Dat Pro Fac Low Low Zio Pro Fac Ext Cet Arc Hub Fac Arm Lab Res Gar Res Qua Acc Machines Accessed 97 | . 10 2 2 1 11 6 . 3 . 1 4 . 6 1 . . 3 14 4 . . 3 2 10 . 6 1 4 . 3 Terminals 55 | . 7 1 . . 8 2 . 2 . . . . 5 . . . 1 6 3 . . 2 1 8 . 2 1 4 . 2 Fabricators 8 | . . . . . . 3 . 1 . . . . . . . . 1 2 . . . . . 1 . . . . . . Repair Stations 6 | . 1 . . . . . . . . . . . . . . . . 3 . . . . 1 1 . . . . . . Recycling Units 5 | . 2 . . . 1 . . . . . . . . . . . 1 . 1 . . . . . . . . . . . Scanalyzers 4 | . . . . . 1 . . . . . . . 1 . . . . . . . . . . . . 2 . . . . Garrison Access 9 | . . . . . 1 1 . . . . . . . . . . . 3 . . . 1 . . . 2 . . . 1 Total Hacks 296 | . 31 2 2 1 47 7 . 9 . 1 31 . 9 1 . . 7 26 11 . . 10 6 47 . 16 4 21 . 7 Successful 143 | . 10 1 2 1 23 2 . 3 . 1 31 . 3 1 . . 3 10 5 . . 3 4 24 . 6 1 8 . 1 Failed 152 | . 20 1 . . 24 5 . 6 . . . . 6 . . . 4 16 6 . . 7 2 23 . 10 3 13 . 6 Catastrophic 44 | . 5 . . . 6 2 . 2 . . . . 1 . . . 2 4 . . . 1 1 10 . 3 . 4 . 3 Database Lockouts 1 | . 1 . . . . . . . . . . . . . . . . . . . . . . . . . . . . . Manual 103 | . 15 1 1 . 29 . . 4 . . . . 2 . . . . 6 9 1 . 4 5 20 . . 2 4 . . Terminals 195 | . 26 1 . . 39 2 . 6 . . . . 8 . . . 2 11 9 . . 5 5 44 . 6 4 21 . 6 Fabricators 15 | . . . . . . 4 . 3 . . . . . . . . 4 3 . . . . . 1 . . . . . . Repair Stations 12 | . 2 . . . . . . . . . . . . . . . . 7 . . . . 1 2 . . . . . . Recycling Units 8 | . 3 . . . 2 . . . . . . . . . . . 1 . 2 . . . . . . . . . . . Scanalyzers 10 | . . . . . 4 . . . . . . . 1 . . . . . . . . . . . . 5 . . . . Garrison Access 19 | . . . . . 2 1 . . . . . . . . . . . 5 . . . 5 . . . 5 . . . 1 Terminal Hacks 92 | . 6 1 2 1 9 . . 2 . 1 31 . 3 1 . . 2 2 3 . . 1 3 13 . 2 1 8 . . Record 14 | . . . 1 . . . . . . . 11 . . . . . 2 . . . . . . . . . . . . . Part Schematic 12 | . . . . . . . . . . . 12 . . . . . . . . . . . . . . . . . . . Robot Schematic 5 | . . . . . . . . . . . 5 . . . . . . . . . . . . . . . . . . . Robot Analysis 2 | . 1 . . . . . . . . . . . . . . . . . 1 . . . . . . . . . . . Prototype ID Bank 10 | . 1 . . . 1 . . 1 . . 3 . 1 . . . . . . . . 1 . 1 . . . 1 . . Open Door 4 | . . 1 . 1 . . . . . 1 . . . 1 . . . . . . . . . . . . . . . . Level Access Points 3 | . . . . . . . . . . . . . . . . . . . . . . . . 1 . 1 . 1 . . Branch Access Points 5 | . . . . . . . . 1 . . . . 1 . . . . 1 . . . . 1 . . . . 1 . . Emergency Access Points 3 | . . . . . 1 . . . . . . . . . . . . . . . . . . 1 . . 1 . . . Machine Index 1 | . . . . . . . . . . . . . . . . . . . . . . . . 1 . . . . . . Terminal Index 5 | . 1 . . . . . . . . . . . . . . . . . . . . . 1 1 . 1 . 1 . . Fabricator Index 1 | . . . . . . . . . . . . . . . . . . . . . . . . 1 . . . . . . Alert Level 1 | . . . . . . . . . . . . . . . . . . . . . . . . 1 . . . . . . Unreport Threat 5 | . . . . . . . . . . . . . . . . . . . 2 . . . 1 1 . . . 1 . . Locate Traps 6 | . 2 . . . 2 . . . . . . . . . . . . 1 . . . . . 1 . . . . . . Maintenance Status 1 | . . . . . . . . . . . . . . . . . . . . . . . . . . . . 1 . . Security Status 1 | . . . . . . . . . . . . . . . . . . . . . . . . 1 . . . . . . Patrol Status 1 | . . . . . . . . . . . . . . . . . . . . . . . . . . . . 1 . . Hauler Manifests 3 | . . . . . 1 . . . . . . . 1 . . . . . . . . . . . . . . 1 . . Registered Components 3 | . 1 . . . 1 . . . . . . . . . . . . . . . . . . 1 . . . . . . Registered Prototypes 1 | . . . . . . . . . . . . . . . . . . . . . . . . 1 . . . . . . Zone Layout 4 | . . . . . 3 . . . . . . . . . . . . . . . . . . 1 . . . . . . Proto ID Catalog 1 | . . . 1 . . . . . . . . . . . . . . . . . . . . . . . . . . . Fabricator Hacks 7 | . . . . . . 2 . 1 . . . . . . . . 1 2 . . . . . 1 . . . . . . Network Status 4 | . . . . . . 1 . 1 . . . . . . . . . 1 . . . . . 1 . . . . . . Load Schematic 1 | . . . . . . . . . . . . . . . . . 1 . . . . . . . . . . . . . Build 2 | . . . . . . 1 . . . . . . . . . . . 1 . . . . . . . . . . . . Repair Station Hacks 7 | . 1 . . . . . . . . . . . . . . . . 4 . . . . . 2 . . . . . . Scan Component 5 | . 1 . . . . . . . . . . . . . . . . 3 . . . . . 1 . . . . . . Repair 2 | . . . . . . . . . . . . . . . . . . 1 . . . . . 1 . . . . . . Recycling Unit Hacks 1 | . 1 . . . . . . . . . . . . . . . . . . . . . . . . . . . . . Retrieve Components 1 | . 1 . . . . . . . . . . . . . . . . . . . . . . . . . . . . . Scanalyzer 7 | . . . . . 4 . . . . . . . . . . . . . . . . . . . . 3 . . . . Insert Component 2 | . . . . . 1 . . . . . . . . . . . . . . . . . . . . 1 . . . . Retrieve Study 5 | . . . . . 3 . . . . . . . . . . . . . . . . . . . . 2 . . . . Garrison Access Hacks 5 | . . . . . 1 . . . . . . . . . . . . 1 . . . 1 . . . 1 . . . 1 Unlock Access 1 | . . . . . . . . . . . . . . . . . . . . . . . . . . 1 . . . . Seal Access 4 | . . . . . 1 . . . . . . . . . . . . 1 . . . 1 . . . . . . . 1 Unauthorized Hacks 24 | . 2 . . . 9 . . . . . . . . . . . . 1 2 . . 1 1 8 . . . . . . Terminals 21 | . 2 . . . 9 . . . . . . . . . . . . . 1 . . 1 . 8 . . . . . . Assimilate 2 | . 1 . . . . . . . . . . . . . . . . . . . . 1 . . . . . . . . Botnet 5 | . . . . . 2 . . . . . . . . . . . . . 1 . . . . 2 . . . . . . Disrupt 1 | . . . . . . . . . . . . . . . . . . . . . . . . 1 . . . . . . Operators 2 | . 1 . . . 1 . . . . . . . . . . . . . . . . . . . . . . . . . Skim 11 | . . . . . 6 . . . . . . . . . . . . . . . . . . 5 . . . . . . Fabricators 1 | . . . . . . . . . . . . . . . . . . 1 . . . . . . . . . . . . Prioritize 1 | . . . . . . . . . . . . . . . . . . 1 . . . . . . . . . . . . Repair Stations 1 | . . . . . . . . . . . . . . . . . . . . . . . 1 . . . . . . . Patch 1 | . . . . . . . . . . . . . . . . . . . . . . . 1 . . . . . . . Recycling Units 1 | . . . . . . . . . . . . . . . . . . . 1 . . . . . . . . . . . Mask 1 | . . . . . . . . . . . . . . . . . . . 1 . . . . . . . . . . . Scanalyzers . | . . . . . . . . . . . . . . . . . . . . . . . . . . . . . . . Garrison Access . | . . . . . . . . . . . . . . . . . . . . . . . . . . . . . . . Data Cores Recovered 2 | . . . . . . . . . . . . . . . . . . . . . . . . 2 . . . . . . Used 1 | . . . . . . . . . . . . . . . . . . . . . . . . 1 . . . . . . Hacking Detections 73 | . 9 1 . . 10 4 . 3 . . . . 5 . . . 2 12 4 1 . 3 1 7 . 4 1 4 . 2 Full Trace Events 3 | . 1 . . . . . . . . . . . . . . . 1 . . . . . . . . . . . . 1 Feedback Events . | . . . . . . . . . . . . . . . . . . . . . . . . . . . . . . . Feedback Blocked . | . . . . . . . . . . . . . . . . . . . . . . . . . . . . . . . Robot Schematics Acquired 8 | . . . . . . . . . . . 5 . . . . 3 . . . . . . . . . . . . . . Robots Built 3 | . . . . . . 3 . . . . . . . . . . . . . . . . . . . . . . . . Authchips . | . . . . . . . . . . . . . . . . . . . . . . . . . . . . . . . Time 67 | . . . . . . 67 . . . . . . . . . . . . . . . . . . . . . . . . Total Robot Build Rating 12 | . . . . . . 12 . . . . . . . . . . . . . . . . . . . . . . . . Part Schematics Acquired 25 | . . . . . . . . . . . 12 . . . . 13 . . . . . . . . . . . . . . Parts Built 2 | . . . . . . . . . . . . . . . . . . 2 . . . . . . . . . . . . Authchips . | . . . . . . . . . . . . . . . . . . . . . . . . . . . . . . . Time 64 | . . . . . . . . . . . . . . . . . . 64 . . . . . . . . . . . . Total Part Build Rating 16 | . . . . . . . . . . . . . . . . . . 16 . . . . . . . . . . . . Part Studies Acquired 2 | . . . . . 1 . . . . . . . . . . . . . . . . . . . . 1 . . . . Parts Repaired 2 | . . . . . . . . . . . . . . . . . . 1 . . . . . 1 . . . . . . Time 47 | . . . . . . . . . . . . . . . . . . 22 . . . . . 25 . . . . . . Parts Recycled . | . . . . . . . . . . . . . . . . . . . . . . . . . . . . . . . Recycled Matter . | . . . . . . . . . . . . . . . . . . . . . . . . . . . . . . . Retrieved Matter . | . . . . . . . . . . . . . . . . . . . . . . . . . . . . . . . Retrieved Components 9 | . 9 . . . . . . . . . . . . . . . . . . . . . . . . . . . . . Parts Scanalyzed . | . . . . . . . . . . . . . . . . . . . . . . . . . . . . . . . Part Schematics Acquired . | . . . . . . . . . . . . . . . . . . . . . . . . . . . . . . . Parts Damaged . | . . . . . . . . . . . . . . . . . . . . . . . . . . . . . . . Bothacking | -11 -10 -10 -10 -9 -8 -7 -7 -7 -7 -7 -7 -6 -6 -6 -6 -6 -5 -5 -5 -5 -5 -5 -4 -4 -4 -3 -3 -2 -2 -1 ------------ Run | Yrd Mat Min Exi Min Mat Fac Was Fac Low Low Dat Pro Fac Low Low Zio Pro Fac Ext Cet Arc Hub Fac Arm Lab Res Gar Res Qua Acc Used RIF Installer 1 | . . . . . . . . . . . . . . . . . . . . . . . . . . . 1 . . . Robots Hacked 5 | . . . 4 . . . . . . . . . . . . . . . . . 1 . . . . . . . . . Non-combat 4 | . . . 3 . . . . . . . . . . . . . . . . . 1 . . . . . . . . . Combat 1 | . . . 1 . . . . . . . . . . . . . . . . . . . . . . . . . . . Robot Hacks Applied 5 | . . . 4 . . . . . . . . . . . . . . . . . 1 . . . . . . . . . parse_system 4 | . . . 4 . . . . . . . . . . . . . . . . . . . . . . . . . . . check_alert 1 | . . . . . . . . . . . . . . . . . . . . . 1 . . . . . . . . . Relay Couplers Released 4 | . . . . . . . . . . . . . . . . . . 3 . . . 1 . . . . . . . . Machine Destruction 1 | . . . . . . . . . . . . . . . . . . . . . . 1 . . . . . . . . Programmers 3 | . . . . . . . . . . . . . . . . . . 3 . . . . . . . . . . . . Fabnet Peak Effective % . | . . . . . . . . . . . . . . . . . . . . . . . . . . . . . . . Robots Rewired 27 | . . . . . . . . . . . . . . . . . 11 . 11 . . . . 4 . . 1 . . . Allies Hacked . | . . . . . . . . . . . . . . . . . . . . . . . . . . . . . . . Hacks Repelled . | . . . . . . . . . . . . . . . . . . . . . . . . . . . . . . . Allies | -11 -10 -10 -10 -9 -8 -7 -7 -7 -7 -7 -7 -6 -6 -6 -6 -6 -5 -5 -5 -5 -5 -5 -4 -4 -4 -3 -3 -2 -2 -1 -------- Run | Yrd Mat Min Exi Min Mat Fac Was Fac Low Low Dat Pro Fac Low Low Zio Pro Fac Ext Cet Arc Hub Fac Arm Lab Res Gar Res Qua Acc Total Allies 42 | . . 3 . . . 3 . . . . . . . . . . 12 . 14 5 . . . 4 . . 1 . . . Largest Group 13 | . . 3 1 1 1 3 . . . . . . . . . . 11 8 11 13 9 6 . 3 . . 1 . . . Highest-Rated Group 823 | . . 40 16 16 16 90 . . . . . . . . . . 326 284 430 823 589 519 . 184 . . 119 . . . Highest-Rated Ally 159 | . . 16 16 16 16 30 . . . . . . . . . . 99 68 159 159 96 96 . 64 . . 119 . . . Total Orders 16 | . . . . . . . . . . . . . . . . . 1 . . 13 2 . . . . . . . . . STAY 11 | . . . . . . . . . . . . . . . . . 1 . . 9 1 . . . . . . . . . FOLLOW 5 | . . . . . . . . . . . . . . . . . . . . 4 1 . . . . . . . . . Ally Attacks 310 | . . 24 . . 14 7 . . . . . . . . . . 45 26 50 62 29 42 . . . . 11 . . . Total Damage 10636 | . . 247 . . 148 139 . . . . . . . . . . 3198 1598 1006 1614 944 1399 . . . . 343 . . . Kills 82 | . . 6 . . 2 3 . . . . . . . . . . 17 11 10 15 4 12 . . . . 2 . . . Allies Corrupted 3 | . . . . . . . . . . . . . . . . . . . . . . . . 3 . . . . . . Allies Melted 3 | . . . . . . . . . . . . . . . . . . 1 . . . 2 . . . . . . . . Intel | -11 -10 -10 -10 -9 -8 -7 -7 -7 -7 -7 -7 -6 -6 -6 -6 -6 -5 -5 -5 -5 -5 -5 -4 -4 -4 -3 -3 -2 -2 -1 ------- Run | Yrd Mat Min Exi Min Mat Fac Was Fac Low Low Dat Pro Fac Low Low Zio Pro Fac Ext Cet Arc Hub Fac Arm Lab Res Gar Res Qua Acc Active Infowar (turns) 23389 | 73 1815 2351 1169 104 . . 205 4 984 841 148 431 14 2323 1587 . 1708 2051 452 . . 617 891 1786 195 1934 960 547 199 . Optics 2 | . . . . . . . . . . . . . . . . . . . . . . . . . . 2 . . . . Sensors 8245 | . . . . . . . 205 4 984 841 148 431 14 2323 1587 . 1708 . . . . . . . . . . . . . Seismic 5512 | 73 1815 2351 1169 104 . . . . . . . . . . . . . . . . . . . . . . . . . . Cloaking 4314 | . . . . . . . . . . . . . . . . . . . . . . . . 1521 55 1921 293 523 1 . Jamming 9623 | . . . . . . . . . . . . . . . . . . 2051 452 . . 617 891 1777 195 1934 960 547 199 . Robot Analysis Total 2 | . 1 . . . . . . . . . . . . . . . . . 1 . . . . . . . . . . . Derelict Logs Recovered 12 | . . 1 . 3 . . . . 1 1 . 2 . 1 2 . 1 . . . . . . . . . . . . . Drone Launches . | . . . . . . . . . . . . . . . . . . . . . . . . . . . . . . . Drone Recoveries . | . . . . . . . . . . . . . . . . . . . . . . . . . . . . . . . Exploration | -11 -10 -10 -10 -9 -8 -7 -7 -7 -7 -7 -7 -6 -6 -6 -6 -6 -5 -5 -5 -5 -5 -5 -4 -4 -4 -3 -3 -2 -2 -1 ------------- Run | Yrd Mat Min Exi Min Mat Fac Was Fac Low Low Dat Pro Fac Low Low Zio Pro Fac Ext Cet Arc Hub Fac Arm Lab Res Gar Res Qua Acc Turns Passed 45220 | 165 2298 2449 1169 993 1919 777 360 743 1079 952 148 431 937 2364 1608 2029 2648 2067 1087 919 9248 1233 891 1786 625 1934 960 547 565 289 Spaces Moved 18518 | 85 1088 1084 482 407 1048 481 136 384 610 521 89 262 475 1355 957 1253 1449 1012 405 317 415 382 290 567 255 1074 478 246 361 550 Core 1112 | 6 . . . . . . . . . . . . . . . . . . . . 296 . . . 27 . . . 233 550 Treads 7177 | 79 1088 1084 482 407 . . . . 1 . . . . . . . . 1 206 317 119 382 290 567 228 1074 478 246 128 . Legs . | . . . . . . . . . . . . . . . . . . . . . . . . . . . . . . . Wheels 10229 | . . . . . 1048 481 136 384 609 521 89 262 475 1355 957 1253 1449 1011 199 . . . . . . . . . . . Hover . | . . . . . . . . . . . . . . . . . . . . . . . . . . . . . . . Flight . | . . . . . . . . . . . . . . . . . . . . . . . . . . . . . . . Fastest Speed 50 | 50 160 160 240 240 115 145 160 160 145 145 160 160 160 160 160 145 160 175 175 240 240 240 240 160 50 160 160 160 50 50 Average Speed 215 | 152 160 210 240 240 138 145 160 160 145 155 160 160 162 160 160 159 163 182 209 240 2205 240 240 239 155 160 160 192 93 50 Slowest Speed 3000 | 160 160 240 240 240 145 160 160 160 245 160 160 160 175 160 160 160 175 320 240 240 3000 240 240 320 240 245 160 246 246 50 Overloaded Moves . | . . . . . . . . . . . . . . . . . . . . . . . . . . . . . . . Propulsion Burnouts . | . . . . . . . . . . . . . . . . . . . . . . . . . . . . . . . Robots Hopped . | . . . . . . . . . . . . . . . . . . . . . . . . . . . . . . . Potential Cave-ins . | . . . . . . . . . . . . . . . . . . . . . . . . . . . . . . . Cave-ins Triggered . | . . . . . . . . . . . . . . . . . . . . . . . . . . . . . . . Teleports 5 | . . . . . . . . . . . . . . . . . . . . . . . . . . . . . 4 1 Exploration Rate (%) 57 | 4 99 100 66 71 96 19 82 12 66 76 68 35 18 92 75 86 86 39 73 57 69 48 13 43 85 46 76 12 39 27 Regions Visited 30 Branch Regions 18 Pre-discovered Areas 5 | . . 1 1 . 1 . . . . . 1 . . . . 1 . . . . . . . . . . . . . . Known Exits Taken 14 | . . . . . . . . 1 . . . . 1 1 1 1 1 1 1 . . . 1 1 1 1 . 1 1 . Unknown Exits Taken 13 | 1 1 1 1 1 1 . . . 1 1 1 1 . . . . . . . 1 1 1 . . . . . . . . Scrap Searched 30 | . . 3 . 1 . . . . 4 3 . 3 . 4 2 5 5 . . . . . . . . . . . . . Spaces Dug 231 | . 1 . . . . . . 8 9 6 . 2 11 5 16 . 4 22 41 . . 9 7 17 17 15 29 9 1 2 Terrain Destroyed 869 | 2 1 . . . 30 33 . 15 79 12 . 4 19 16 54 . 15 38 58 9 . 167 17 32 18 19 40 9 180 2 Melee . | . . . . . . . . . . . . . . . . . . . . . . . . . . . . . . . Projectile 241 | . 1 . . . . 1 . 15 17 12 . 4 19 16 . . 6 36 2 9 . 15 8 22 18 17 3 9 9 2 AOE 592 | 2 . . . . 30 32 . . 62 . . . . . 54 . 9 . 51 . . 145 . . . . 37 . 170 . Terrain Rammed . | . . . . . . . . . . . . . . . . . . . . . . . . . . . . . . . Walls Destroyed . | . . . . . . . . . . . . . . . . . . . . . . . . . . . . . . . Machines Disabled . | . . . . . . . . . . . . . . . . . . . . . . . . . . . . . . . Actions | -11 -10 -10 -10 -9 -8 -7 -7 -7 -7 -7 -7 -6 -6 -6 -6 -6 -5 -5 -5 -5 -5 -5 -4 -4 -4 -3 -3 -2 -2 -1 --------- Run | Yrd Mat Min Exi Min Mat Fac Was Fac Low Low Dat Pro Fac Low Low Zio Pro Fac Ext Cet Arc Hub Fac Arm Lab Res Gar Res Qua Acc Total 22244 | 104 1532 1214 495 424 1414 539 217 454 749 601 95 269 584 1485 1017 1288 1672 1152 574 423 496 550 397 833 476 1208 610 292 518 562 Wait 1619 | . 349 87 . . 239 19 . 4 67 7 . . 33 80 39 18 78 33 44 18 59 49 35 84 119 22 66 23 47 . Move 18490 | 84 1087 1083 481 406 1047 481 135 383 609 520 88 261 474 1354 956 1252 1448 1011 404 316 414 381 289 566 254 1074 477 245 360 550 Hop . | . . . . . . . . . . . . . . . . . . . . . . . . . . . . . . . Pick Up 223 | 6 13 10 2 6 23 4 9 7 6 5 . 1 11 1 2 1 6 12 2 13 . 7 9 12 26 15 6 1 7 . Fast Attach 113 | 6 . . . . 15 6 1 2 3 1 3 . 1 1 . 6 5 8 2 5 7 3 . 8 11 10 2 1 6 . Attach 90 | 1 1 1 1 . 4 3 1 2 3 5 . 1 2 1 . . 4 2 1 2 . 5 3 10 6 2 1 2 24 2 Detach 42 | . . . . . . 1 . 2 2 1 1 . . 2 . . . 2 . . 3 3 . 5 3 5 2 . 9 1 Swap 265 | . 10 8 4 1 8 5 23 8 8 11 . 2 8 5 9 3 15 13 10 12 . 18 15 32 . 14 14 4 5 . Drop 267 | . 11 2 3 8 22 9 11 8 8 4 3 . 10 2 2 7 6 15 2 18 5 9 7 18 35 22 5 . 15 . Fire 901 | 7 57 17 . . 56 11 37 38 43 47 . 4 45 39 9 1 24 48 27 39 7 71 38 82 22 43 36 16 35 2 Melee 5 | . . . 4 . . . . . . . . . . . . . . . . . 1 . . . . . . . . . Ram 9 | . . . . . . . . . . . . . . . . . . 2 . . . . . . . . . . . 7 Kick . | . . . . . . . . . . . . . . . . . . . . . . . . . . . . . . . Crush 17 | . 4 6 . 3 . . . . . . . . . . . . . . . . . 1 1 1 . 1 . . . . Escape Stasis 26 | . . . . . . . . . . . . . . . . . . 6 10 . . . . . . . . . 10 . Rewire 174 | . . . . . . . . . . . . . . . . . 86 . 72 . . . . 15 . . 1 . . . Trap . | . . . . . . . . . . . . . . . . . . . . . . . . . . . . . . . Miscellaneous 3 | . . . . . . . . . . . . . . . . . . . . . . 3 . . . . . . . . Route ------- -11/Scrapyard -10/Materials (discovered 5 exits: [*Mat x3] / *Min / [*Sub]) -10/Mines (discovered 4 exits: [*Mat x2] / *Exi / [*Sub]) -10/Exiles -9/Mines -8/Materials (discovered 3 exits: *Fac x3) -7/Factory -7/Waste -7/Factory (discovered 2 exits: *Low x2) -7/Lower Caves -7/Lower Caves (discovered 2 exits: *Fac / *Dat) -7/Data Miner -6/Proximity Caves -6/Factory (discovered 4 exits: Fac x2 / *Low x2) -6/Lower Caves (discovered 2 exits: *Low / *Zio) -6/Lower Caves (discovered 2 exits: *Fac / *Zio) -6/Zion -5/Proximity Caves -5/Factory (discovered 6 exits: *Fac x2 / Upp x2 / *Ext x2) -5/Extension (discovered 3 exits: *Fac x2 / *Cet) -5/Cetus (discovered 2 exits: *Fac / [*Arc]) -5/Archives -5/Hub_04(d) -4/Factory (discovered 3 exits: *Upp x2 / *Arm) -4/Armory (discovered 3 exits: Res x2 / *Lab) -4/Lab -3/Research (discovered 4 exits: *Res x3 / Gar) -3/Garrison (discovered 3 exits: *Res x3) -2/Research (discovered 5 exits: *Acc x3 / *Qua x2) -2/Quarantine -1/Access History --------- Turn | Location | Event 4 | -11/Scrapyard | Discovered new exit (range 16) 166 | -11/Scrapyard | Entered Materials 230 | -10/Materials | Discovered new exit (range 13) 300 | -10/Materials | Build established: Mutant 550 | -10/Materials | Discovered new exit (range 16) 1439 | -10/Materials | Central database locked down 1699 | -10/Materials | Discovered new exit (range 4) 1914 | -10/Materials | Discovered new exit (range 10) 2454 | -10/Materials | Discovered new exit (range 8) 2464 | -10/Materials | Entered Mines 2825 | -10/Mines | Core integrity fell below 50% 2882 | -10/Mines | Discovered new exit (range 6) 3095 | -10/Mines | Assisted by bots powering up and referring to "LRC-V3" 3112 | -10/Mines | Learned location of Zion (-6) 3135 | -10/Mines | Received a Rocket Launcher from a helpful Derelict 3153 | -10/Mines | Build established: Scavenger-Mutant 3206 | -10/Mines | Discovered new exit (range 9) 3215 | -10/Mines | Met a Derelict shopkeep closing up shop 3279 | -10/Mines | Discovered new exit (range 9) 4904 | -10/Mines | Deemed a non-threat by the Exiles lab entrance 4904 | -10/Mines | Discovered new exit (range 5) 4913 | -10/Mines | Entered Exiles 4913 | -10/Exiles | Accompanied by 1 ally 4973 | -10/Exiles | Met 8R-AWN 5007 | -10/Exiles | Met EX-HEX 5108 | -10/Exiles | Met EX-DEC 5227 | -10/Exiles | Met EX-BIN 5254 | -10/Exiles | Aligned with FarCom system 5256 | -10/Exiles | Given EX-Vault access code 5312 | -10/Exiles | Opened EX-Vault 5345 | -10/Exiles | Found Gui. Plasma Cannon 5394 | -10/Exiles | Warned to stay clear of 0b10 Research branches 6060 | -10/Exiles | Discovered new exit (range 10) 6082 | -10/Exiles | Left Exiles lab with Gui. Plasma Cannon 6082 | -10/Exiles | Entered Mines 6082 | -9/Mines | Accompanied by 1 ally 6102 | -9/Mines | Learned Materials garrison access intel 6190 | -9/Mines | Discovered new exit (range 10) 6202 | -9/Mines | Learned Materials terminal intel 6241 | -9/Mines | Met a Derelict who couldn't figure out how to use a Trap Extractor 6737 | -9/Mines | Learned Materials interactive machine intel 6934 | -9/Mines | Found a damaged Exp. Sensor Array with a note attached 6939 | -9/Mines | Found Prototype Device 7075 | -9/Mines | Entered Materials 7075 | -8/Materials | Accompanied by 1 ally 7075 | -8/Materials | Evolved 4 slots: Propulsion x1, Utility x2, Weapon x1 7076 | -8/Materials | Loaded intel: 18 interactive machine locations 7077 | -8/Materials | Loaded intel: 11 terminal locations 7078 | -8/Materials | Loaded intel: 1 garrison access location 7354 | -8/Materials | Identified Exp. Sensor Array 7412 | -8/Materials | Build established: Tank 7575 | -8/Materials | Met 7R-MNS 7589 | -8/Materials | Garrison activated, responded to threat 7997 | -8/Materials | Discovered new exit (range 12) 8209 | -8/Materials | Discovered new exit (range 10) 8732 | -8/Materials | Learned Factory stockpile data 8774 | -8/Materials | Learned 2 Lower Caves zone layouts 8806 | -8/Materials | Learned 4 Lower Caves zone layouts 8820 | -8/Materials | Discovered new exit (range 4) 8828 | -8/Materials | Learned 2 Storage zone layouts 8847 | -8/Materials | Learned Factory scanalyzer intel 8856 | -8/Materials | Learned Storage emergency access door positions 8861 | -8/Materials | Build established: Skirmisher 8876 | -8/Materials | Learned Factory emergency access door positions 8907 | -8/Materials | Learned Factory emergency access door positions 8950 | -8/Materials | Learned location of 1 exit from Extension 8994 | -8/Materials | Entered Factory 8994 | -7/Factory | Evolved 2 slots: Utility x1, Weapon x1 8995 | -7/Factory | Caught up to 7R-MNS 8997 | -7/Factory | Loaded intel: 4 scanalyzer locations 9351 | -7/Factory | Build established: Tank 9390 | -7/Factory | Fabricated L-41 Fighter? 9730 | -7/Factory | Discovered new exit (range 12) 9771 | -7/Factory | Sucked down chute 9771 | -7/Factory | Entered Waste 9786 | -7/Waste | EMP discharged 9803 | -7/Waste | Spotted C-40 Crusher 9817 | -7/Waste | Destroyed C-40 Crusher 9860 | -7/Waste | Spotted C-40 Crusher 9867 | -7/Waste | Destroyed C-40 Crusher 9886 | -7/Waste | EMP discharged 9886 | -7/Waste | System corruption reached 10% 9895 | -7/Waste | Spotted C-40 Crusher 9907 | -7/Waste | Destroyed C-40 Crusher 9936 | -7/Waste | Spotted C-40 Crusher 9954 | -7/Waste | Destroyed C-40 Crusher 9981 | -7/Waste | Spotted C-40 Crusher 9986 | -7/Waste | EMP discharged 9995 | -7/Waste | Destroyed C-40 Crusher 10026 | -7/Waste | Spotted C-40 Crusher 10034 | -7/Waste | Destroyed C-40 Crusher 10070 | -7/Waste | Build established: Skirmisher 10086 | -7/Waste | EMP discharged 10111 | -7/Waste | Discovered new exit (range 12) 10131 | -7/Waste | Entered Factory 10349 | -7/Factory | Identified exit to Lower Caves 10828 | -7/Factory | Build established: Tank 10874 | -7/Factory | Entered Lower Caves 10875 | -7/Lower Caves | Encountered a Warlord checkpoint 11341 | -7/Lower Caves | Attracted the attention of an 0b10 checkpoint 11804 | -7/Lower Caves | Discovered new exit (range 9) 11842 | -7/Lower Caves | Learned Factory trap positions 11953 | -7/Lower Caves | Entered another Lower Caves area 11982 | -7/Lower Caves | Discovered new exit (range 10) 12265 | -7/Lower Caves | Spotted B-75 Beast 12300 | -7/Lower Caves | Destroyed B-75 Beast 12476 | -7/Lower Caves | Learned location of 1 exit from Factory 12716 | -7/Lower Caves | Attracted the attention of an 0b10 checkpoint 12779 | -7/Lower Caves | Discovered new exit (range 14) 12792 | -7/Lower Caves | Encountered a Warlord checkpoint 12858 | -7/Lower Caves | Found Prototype Device 12905 | -7/Lower Caves | Entered Data Miner 12908 | -7/Data Miner | Discovered new exit (range 6) 12938 | -7/Data Miner | Met Data Miner 12965 | -7/Data Miner | Learned location of Section 7 (-2) 12965 | -7/Data Miner | Acquired the access code to Warlord's prototype stash 12989 | -7/Data Miner | Received God Mode back door access code from Data Miner 13053 | -7/Data Miner | Entered Proximity Caves 13104 | -6/Proximity Caves | Learned Factory terminal intel 13153 | -6/Proximity Caves | Learned 8 Factory zone layouts 13401 | -6/Proximity Caves | Discovered new exit (range 10) 13484 | -6/Proximity Caves | Entered Factory 13484 | -6/Factory | Evolved 2 slots: Propulsion x1, Utility x1 13485 | -6/Factory | Identified exit to Factory 13486 | -6/Factory | Identified exit to Lower Caves 13487 | -6/Factory | Loaded intel: 124 trap records 13488 | -6/Factory | Loaded intel: 26 terminal locations 14009 | -6/Factory | Build established: Scavenger-Tank 14421 | -6/Factory | Entered Lower Caves 14469 | -6/Lower Caves | Encountered a Warlord checkpoint 14492 | -6/Lower Caves | Found DCF Scrap (12 items) 14596 | -6/Lower Caves | Build established: Tank 15088 | -6/Lower Caves | Attracted the attention of an 0b10 checkpoint 15150 | -6/Lower Caves | Identified Heart of Steel 15410 | -6/Lower Caves | Learned Factory terminal intel 15437 | -6/Lower Caves | Build established: Skirmisher 15529 | -6/Lower Caves | A Derelict revealed a hidden shortcut to a safe place 15636 | -6/Lower Caves | Discovered new exit (range 6) 15644 | -6/Lower Caves | Identified exit to Lower Caves 16435 | -6/Lower Caves | Identified exit to Zion 16785 | -6/Lower Caves | Entered another Lower Caves area 16806 | -6/Lower Caves | Encountered a Warlord checkpoint 16809 | -6/Lower Caves | Discovered exit to Factory (range 7) 16817 | -6/Lower Caves | Learned Factory stockpile data 18119 | -6/Lower Caves | Learned location of 1 exit from Factory 18372 | -6/Lower Caves | Discovered exit to Zion (range 8) 18393 | -6/Lower Caves | Entered Zion 18453 | -6/Zion | System corruption cleaned by Quarantine Array 18582 | -6/Zion | Discovered new exit (range 16) 18657 | -6/Zion | Received a hallucinogenic algorithm 18812 | -6/Zion | Build established: Tank 19056 | -6/Zion | Given the Hacking Drone Bay 19269 | -6/Zion | Acquired unknown access codes intercepted by a Zionite 19393 | -6/Zion | Learned Factory emergency access door positions 19822 | -6/Zion | Rebuked by Imprinter 20220 | -6/Zion | Found Prototype Device 20419 | -6/Zion | Identified exit to Proximity Caves 20422 | -6/Zion | Entered Proximity Caves 20448 | -5/Proximity Caves | Attracted the attention of an 0b10 checkpoint 20670 | -5/Proximity Caves | Learned 8 Factory zone layouts 20791 | -5/Proximity Caves | Build established: Skirmisher 21516 | -5/Proximity Caves | Heart of Steel transformed into Warbot 21829 | -5/Proximity Caves | Build established: Tank 21983 | -5/Proximity Caves | Spotted B-75 Beast 21984 | -5/Proximity Caves | Entered a huge 0b10 base via the front door 22010 | -5/Proximity Caves | Destroyed B-75 Beast 22221 | -5/Proximity Caves | Discovered exit to Factory (range 16) 22695 | -5/Proximity Caves | Build established: Commander-Tank 23070 | -5/Proximity Caves | Entered Factory 23070 | -5/Factory | Accompanied by 8 allies 23070 | -5/Factory | Evolved 2 slots: Power x1, Utility x1 23071 | -5/Factory | Identified exit to Extension 23072 | -5/Factory | Identified exit to Upper Caves 23076 | -5/Factory | Loaded intel: 27 terminal locations 23362 | -5/Factory | Lost 6 allies 23684 | -5/Factory | Build established: Tank 23828 | -5/Factory | Fabricated Nova Cannon (x2) 23971 | -5/Factory | Discovered new exit (range 15) 24393 | -5/Factory | Discovered new exit (range 13) 24639 | -5/Factory | Repaired Hrd. Heavy Armor Plating 25137 | -5/Factory | Entered Extension 25138 | -5/Extension | Identified exit to Cetus 25270 | -5/Extension | Energy Cycler disabled 25270 | -5/Extension | Rescued a captive Derelict 25270 | -5/Extension | Rescued a captive Derelict 25271 | -5/Extension | Rescued a captive Derelict 25271 | -5/Extension | Rescued a captive Derelict 25272 | -5/Extension | Rescued a captive Derelict 25273 | -5/Extension | Rescued a captive Derelict 25273 | -5/Extension | Rescued a captive Derelict 25274 | -5/Extension | Rescued a captive Derelict 25280 | -5/Extension | Rescued a captive Derelict 25405 | -5/Extension | Build established: Scavenger-Tank 25597 | -5/Extension | Spotted B-75 Beast 25615 | -5/Extension | Destroyed B-75 Beast 25636 | -5/Extension | Spotted B-75 Beast 25645 | -5/Extension | Destroyed B-75 Beast 25659 | -5/Extension | Rescued A7 25666 | -5/Extension | Discovered new exit (range 15) 26179 | -5/Extension | Discovered new exit (range 10) 26224 | -5/Extension | Entered Cetus 26224 | -5/Cetus | Accompanied by 11 allies (A7) 26229 | -5/Cetus | Acquired a Cetus Manufacturing Module code from A7 26267 | -5/Cetus | Spotted Cetus Guard 26267 | -5/Cetus | Spotted Cetus Guard 26272 | -5/Cetus | Spotted Cetus Guard 26280 | -5/Cetus | Spotted Cetus Guard 26281 | -5/Cetus | Destroyed Cetus Guard 26281 | -5/Cetus | Destroyed Cetus Guard 26286 | -5/Cetus | Allies destroyed Cetus Guard 26288 | -5/Cetus | Destroyed Cetus Guard 26316 | -5/Cetus | Build established: Commander-Tank 26378 | -5/Cetus | Attached CPS modules to A7. 26440 | -5/Cetus | Started Cetus Manufacturing Module 26465 | -5/Cetus | Manufactured an Enhanced Grunt 26469 | -5/Cetus | Discovered new exit (range 15) 26490 | -5/Cetus | Manufactured an Enhanced Grunt 26510 | -5/Cetus | Spotted Cetus Guard 26511 | -5/Cetus | Spotted Cetus Guard 26514 | -5/Cetus | Spotted Cetus Guard 26514 | -5/Cetus | Spotted Cetus Guard 26515 | -5/Cetus | Manufactured an Enhanced Grunt 26519 | -5/Cetus | Attached CPS modules to Cetus Guard. 26522 | -5/Cetus | Destroyed Cetus Guard 26525 | -5/Cetus | Allies destroyed Cetus Guard 26526 | -5/Cetus | Destroyed Cetus Guard 26533 | -5/Cetus | Destroyed Cetus Guard 26540 | -5/Cetus | Manufactured an Enhanced Grunt 26554 | -5/Cetus | Discovered new exit (range 16) 26565 | -5/Cetus | Manufactured an Enhanced Grunt 26570 | -5/Cetus | Met Revision 17 26974 | -5/Cetus | Security sweep announced 27010 | -5/Cetus | Allies destroyed A7 27016 | -5/Cetus | Extracted ID and sensor layout for unrecognized location from A7's data core 27024 | -5/Cetus | Found Prototype Protection 27027 | -5/Cetus | Identified Med. Regenerative Plating 27041 | -5/Cetus | Lost 4 allies 27143 | -5/Cetus | Entered Archives 27143 | -5/Archives | Accompanied by 9 allies 27235 | -5/Archives | Lost 3 allies 27242 | -5/Archives | Discovered new exit (range 15) 27503 | -5/Archives | Build established: Scavenger-Tank 36391 | -5/Archives | Entered Hub_04(d) 36391 | -5/Hub_04(d) | Accompanied by 6 allies 36521 | -5/Hub_04(d) | Network Hub disabled 36552 | -5/Hub_04(d) | Lost 6 allies 36819 | -5/Hub_04(d) | Spotted Lightning 36912 | -5/Hub_04(d) | Network Hub disabled 36931 | -5/Hub_04(d) | Destroyed Lightning 36945 | -5/Hub_04(d) | Destroyed Lightning 36949 | -5/Hub_04(d) | Destroyed Lightning 36994 | -5/Hub_04(d) | Found Prototype Device 36994 | -5/Hub_04(d) | Identified Exp. EM Shield 37013 | -5/Hub_04(d) | Found Exp. Targeting Computer 37021 | -5/Hub_04(d) | Found Prototype Energy Cannon 37021 | -5/Hub_04(d) | Identified EMDS 37041 | -5/Hub_04(d) | Found EMDS 37291 | -5/Hub_04(d) | First assault squad dispatched 37318 | -5/Hub_04(d) | Spotted Lightning 37368 | -5/Hub_04(d) | Spotted Lightning 37369 | -5/Hub_04(d) | Spotted Lightning 37373 | -5/Hub_04(d) | System corruption reached 10% 37406 | -5/Hub_04(d) | Destroyed Lightning 37417 | -5/Hub_04(d) | Incoming assault squad redirected 37421 | -5/Hub_04(d) | Network Hub disabled 37423 | -5/Hub_04(d) | Destroyed Lightning 37427 | -5/Hub_04(d) | Destroyed Lightning 37574 | -5/Hub_04(d) | Discovered new exit (range 11) 37618 | -5/Hub_04(d) | Found Launcher Loader 37624 | -5/Hub_04(d) | Entered Factory 37624 | -4/Factory | Evolved 2 slots: Utility x2 37893 | -4/Factory | Found Prototype Device 37962 | -4/Factory | Identified exit to Upper Caves 37962 | -4/Factory | Identified exit to Armory 38515 | -4/Factory | Entered Armory 38791 | -4/Armory | Found Unknown Launcher 38791 | -4/Armory | Identified Fusion Bomb Launcher 39074 | -4/Armory | Identified Adv. EM Shield 39085 | -4/Armory | Lost 3 allies 39180 | -4/Armory | Identified exit to Research 39406 | -4/Armory | Spotted B-86 Titan 39800 | -4/Armory | Learned Testing terminal intel 39875 | -4/Armory | Learned Research stockpile data 39940 | -4/Armory | Learned Factory trap positions 39967 | -4/Armory | Repaired Hyp. Gauss Rifle 39992 | -4/Armory | System corruption reached 10% 39996 | -4/Armory | Learned location of 1 exit from Quarantine 40042 | -4/Armory | Learned 2 Upper Caves zone layouts 40078 | -4/Armory | Learned Factory security intel 40106 | -4/Armory | Learned Research trap positions 40145 | -4/Armory | Learned 2 Proximity Caves zone layouts 40196 | -4/Armory | Learned Testing stockpile data 40257 | -4/Armory | Identified exit to Lab 40301 | -4/Armory | Entered Lab 40335 | -4/Lab | Discovered exit to Research (range 9) 40429 | -4/Lab | Hidden lab's door opened automatically 40429 | -4/Lab | Sensor layout match revealed 40430 | -4/Lab | Gained access to the hidden lab's interior 40605 | -4/Lab | Found Alien Artifact 40606 | -4/Lab | Identified Core Regenerator 40606 | -4/Lab | Used Core Regenerator, restored core integrity (+101) 40621 | -4/Lab | Found Alien Artifact 40621 | -4/Lab | Identified Integrated Dissipator 40621 | -4/Lab | Installed Integrated Dissipator, increased core heat dissipation (+20) 40652 | -4/Lab | Found Alien Artifact 40678 | -4/Lab | Found Prototype Hackware 40680 | -4/Lab | Found Med. Regenerative Plating 40683 | -4/Lab | Found Prototype Energy Cannon 40722 | -4/Lab | Build established: Mutant 40926 | -4/Lab | Entered Research 40926 | -3/Research | Evolved 2 slots: Propulsion x2 40927 | -3/Research | Loaded intel: 72 trap records 40937 | -3/Research | Found Prototype Processor 40940 | -3/Research | Found Prototype Processor 41076 | -3/Research | Build established: Scavenger-Gunner 41088 | -3/Research | Identified exit to Research 41126 | -3/Research | Revision forces began assault on 0b10 41156 | -3/Research | Met up with Revision 17++ 41365 | -3/Research | Identified Exp. Target Analyzer 41578 | -3/Research | Identified Quantum Router 41626 | -3/Research | Research terminal network offline 41697 | -3/Research | Spotted Striker 41755 | -3/Research | Lost 8 allies 41824 | -3/Research | Found Prototype Protection 41827 | -3/Research | Identified Centrium Heavy Armor Plating 41831 | -3/Research | Found Centrium Heavy Armor Plating 41835 | -3/Research | Found Centrium Heavy Armor Plating 41911 | -3/Research | Spotted Executioner 41913 | -3/Research | Spotted Striker 41922 | -3/Research | Destroyed Executioner 41950 | -3/Research | Found Exp. Core Analyzer 42061 | -3/Research | Lost 6 allies 42243 | -3/Research | Build established: Scavenger-Tank 42715 | -3/Research | Spotted Striker 42717 | -3/Research | Destroyed Striker 42749 | -3/Research | Spotted Striker 42750 | -3/Research | Spotted Striker 42752 | -3/Research | Destroyed Striker 42759 | -3/Research | Destroyed Striker 42860 | -3/Research | Identified exit to Garrison 42860 | -3/Research | Entered Garrison 42872 | -3/Garrison | Spotted B-90 Cyclops 42955 | -3/Garrison | Triggered checkpoint 43017 | -3/Garrison | Triggered checkpoint 43151 | -3/Garrison | Triggered checkpoint 43208 | -3/Garrison | Discovered exit to Research (range 13) 43263 | -3/Garrison | Found Fusion Bomb Launcher 43478 | -3/Garrison | Spotted Executioner 43481 | -3/Garrison | Destroyed Executioner 43499 | -3/Garrison | Rewired Executioner 43534 | -3/Garrison | Discovered exit to Research (range 6) 43605 | -3/Garrison | Triggered checkpoint 43686 | -3/Garrison | Triggered checkpoint 43725 | -3/Garrison | Build established: Hauler-Tank 43738 | -3/Garrison | Installed Relay Interface Framework 43745 | -3/Garrison | Discovered exit to Research (range 14) 43820 | -3/Garrison | Entered Research 43820 | -2/Research | Evolved 2 slots: Power x1, Utility x1 43845 | -2/Research | Identified exit to Access 43898 | -2/Research | Identified exit to Quarantine 44367 | -2/Research | Entered Quarantine 44368 | -2/Quarantine | Maximum security lockdown engaged 44406 | -2/Quarantine | Found Alien Artifact 44406 | -2/Quarantine | Identified Dimensional Node Initializer 44406 | -2/Quarantine | Initialized slip node 44525 | -2/Quarantine | Identified Potential Cannon 44548 | -2/Quarantine | Spotted Executioner 44548 | -2/Quarantine | Spotted Striker 44552 | -2/Quarantine | System corruption reached 10% 44583 | -2/Quarantine | Destroyed Executioner 44592 | -2/Quarantine | Destroyed Striker 44612 | -2/Quarantine | Lost 13 parts (2p3n3u5w) 44613 | -2/Quarantine | Destroyed 32 combat bots 44630 | -2/Quarantine | Spotted Investigator 44630 | -2/Quarantine | Scanned by Researcher 44634 | -2/Quarantine | Identified Transdimensional Reconstructor 44634 | -2/Quarantine | Warped through subspace to slip node 44651 | -2/Quarantine | Found Alien Artifact 44659 | -2/Quarantine | Found Transdimensional Reconstructor 44662 | -2/Quarantine | Found Transdimensional Reconstructor 44664 | -2/Quarantine | Found Alien Artifact 44735 | -2/Quarantine | Warped through subspace to slip node 44780 | -2/Quarantine | Spotted Striker 44784 | -2/Quarantine | Spotted Striker 44784 | -2/Quarantine | Spotted Executioner 44784 | -2/Quarantine | Spotted Striker 44784 | -2/Quarantine | Spotted Striker 44785 | -2/Quarantine | Spotted Investigator 44792 | -2/Quarantine | Warped through subspace to slip node 44793 | -2/Quarantine | Core integrity fell below 50% 44804 | -2/Quarantine | Found Dimensional Node Initializer 44804 | -2/Quarantine | Initialized slip node 44809 | -2/Quarantine | Found Dimensional Node Initializer 44809 | -2/Quarantine | Initialized slip node 44871 | -2/Quarantine | Identified Hpw. Transdimensional Reconstructor (x2) 44871 | -2/Quarantine | Warped through subspace 44932 | -2/Quarantine | Entered Access 44932 | -1/Access | Evolved 2 slots: Utility x2 45054 | -1/Access | Spotted B-99 Colossus 45127 | -1/Access | Core integrity fell below 50% 45207 | -1/Access | Warped through subspace 45208 | -1/Access | Core integrity fell below 20% 45221 | -1/Access | Destroyed by S-43 Plague with Heavy Machine Gun Last Messages --------------- 45157_ U-05 Engineer lays Concrete. 45158_ Slammed into K-01 Serf. 45160_ Destabilizing: Core damaged (-48). 45167_ System corrupted: Matter fused (-9). 45181_ ALERT: Potential suspicious activity detected, Q-Series report to Access Zone 5N. 45182_ Slammed into W-44 Eye. 45184_ Slammed into G-73 Enforcer. 45185_ Slammed into W-44 Eye. 45186_ Slammed into Y-72 Warden. 45192_ Connecting with Terminal... 45192_ ALERT: Suspicious activity at Terminal A008. Dispatching Investigation squad. 45193_ K-01 Serf cleans the Terminal. 45194_ O-32 Director: "IFF HANDSHAKE FAILED. SECURING TERMINAL." 45195_ O-32 Director uses terminal to summon reinforcements. 45195_ ALERT: Hostiles spotted, dispatching reinforcements to Terminal A018. 45195_ O-32 Director locks terminal. 45207_ Warped through subspace. Map ----- +----------------------------------------------------+ | ?????????????????????????????????????????????????? | | ?????????????????????????????????????????????????? | | ?????????????????????????????????????????????????? | | ?????????????????????????????????????????????????? | | ?????????????????????????????????????????????????? | | ?????????????????????????????????????????????????? | | ?????????????????????????????????????????????????? | | ?????????????????????????????????????????????????? | | ?????????????????????????????????????????????????? | | ?????????????????????????????????????????????????? | | ?????????????????????????????????????????????????? | | ?????????????????????????????????????????????????? | | ?????????????????????????????????????????????????? | | ????????????????????????####?????????????????????? | | ???????????????????????? ?????????????????????? | | ???????????????????????? " ?????????????????????? | | ???????????????????????? ?????????????????????? | | ???????????????????????? ?????????????????????? | | ????????????????????????#s #?????????????????????? | | ????????????????????????# #?????????????????????? | | ????????????????????????# #?????????????????????? | | ????????????????????????+ +?????????????????????? | | ????????????????????????# #?????????????????????? | | ????????????????????????#s #?????????????????????? | | ????????????????????????#ss#?????????????????????? | | ????????????????????????#@s#?????????????????????? | | ????????????????????????# #?????????????????????? | | ????????????????????????# s#?????????????????????? | | ????????????????????????# #?????????????????????? | | ????????????????????????# #?????????????????????? | | ????????????????????????# #?????????????????????? | | ????????????????????????# #?????????????????????? | | ????????????????????????# ########??????????????? | | ????????????????????????# ???????? | | ????????????????????????# ########??????????????? | | ????????????????????????+ #?????????????????????? | | ????????????????????????# #?????????????????????? | | ????????????????????????# #?????????????????????? | | ????????????????????????# #?????????????????????? | | ????????????????????????# #?????????????????????? | | ????????????????????????# #?????????????????????? | | ????????????????????????# #?????????????????????? | | ????????????????????????# #?????????????????????? | | ????????????????????????# #?????????????????????? | | ????????????????????????# #?????????????????????? | | ????????????????????????# #?????????????????????? | | ????????????????????????# ###########+#####?????? | | ????????????????????????# ??? | | ????????????????????????# ??? | | ????????????????????????+ ! ####????????? | +----------------------------------------------------+ Best States ------------- Heat Dissipation 121 Coolant Potential 65 Energy Generation 69 Energy Capacity 1100 Matter Stores 300 Matter Capacity 300 Sight Range 16 Robot Scan Range 20 Terrain Scan Density 10 Jamming Range 14 Cloak Strength 4 Armor Coverage 1350 Resistance: EM 75 Weapon Shielding 66 Point Defense Rating 240 Weapon Cycling 25 Evasion (%) 50 Targeting Accuracy 12 Target Analysis 8 Core Analysis 8 Recoil Reduction 6 Matter Filtering 50 Energy Filtering 75 Offensive Hacking 14 Item Schematics ----------------- Combat Drone Bay | -7/Data Miner | Free Lgt. Regenerative Plating | -7/Data Miner | Free Cld. Cesium-ion Thruster | -7/Data Miner | Free Thermal Defense Suite | -7/Data Miner | Free Gui. EMP Blaster | -7/Data Miner | Free Arm. Medium Treads | -7/Data Miner | Free Remote Force Field | -7/Data Miner | Free Imp. Remote Datajack | -7/Data Miner | Free Magnetic Acceleration Cannon | -7/Data Miner | Free Imp. Coolant Injector | -7/Data Miner | Free Adv. Plasma Cannon | -7/Data Miner | Free Hyp. Mass Driver | -7/Data Miner | Free Adv. Signal Interpreter | -6/Zion | Archive Imp. Thermal Shield | -6/Zion | Archive Angular Momentum Engine | -6/Zion | Archive Hpw. Shock Rifle | -6/Zion | Archive Phase Gun | -6/Zion | Archive Imp. System Guard | -6/Zion | Archive Imp. Medium Treads | -6/Zion | Archive Phase Cannon | -6/Zion | Archive Imp. Corruption Screen | -6/Zion | Archive Imp. System Shield | -6/Zion | Archive Adv. Terrain Scanner | -6/Zion | Archive Hyp. Gauss Cannon | -6/Zion | Archive Hvy. Mass Driver | -6/Zion | Archive Robot Schematics ------------------ L-41 Fighter | -7/Data Miner | Free O-24 Administrator | -7/Data Miner | Free B-48 Gladiator | -7/Data Miner | Free Y-54 Guardian | -7/Data Miner | Free S-27 Virus | -7/Data Miner | Free M-22 Extractor | -6/Zion | Archive W-25 Informer | -6/Zion | Archive K-01 Serf | -6/Zion | Archive Fabricated ------------ L-41 Fighter | x3 | -7/Factory | Preloaded Nova Cannon | x2 | -5/Factory | Preloaded Repaired ---------- Hrd. Heavy Armor Plating | 25% | -5/Factory Hyp. Gauss Rifle | 1% | -4/Armory Studied --------- Minigun | -8/Materials | Hacked Hyp. Coil Gun | -3/Research | Hacked Alien Tech Used ----------------- Core Regenerator Integrated Dissipator Dimensional Node Initializer Transdimensional Reconstructor High-powered Transdimensional Reconstructor Achievements -------------- Better Safe Than Exploded Brother of Steel Late Bloomer Like A Rock Challenges ------------ None Game ------ Seed SmartbombHellfireFlail Manual? 0 Play Time 05:08:40 Cumulative 624.1 hours Start 2026.01.25 @ 00:54:46 End 2026.01.27 @ 17:42:54 Sessions 10 Manual Loads 0 Difficulty Rogue Special Mode None Game No. 260 Rogue 260 Adventurer 0 Explorer 0 Win Type - Total 29 Types 9/4/9/2/1/0/1/1/1/1 Lore% 93 Gallery% 87 Achievement% 63 Wizard Run 0 Options --------- Layout 0 ASCII 0 Keyboard 0 Movement Arrows Keybinds 0 Fullscreen 2 Font 18/SmallcapsGlow Map View 76x50 Zoom Use 0% Tactical HUD 1 Map Filters NONE Filters NONE Steam 1 RUN: 66af26ca-529c-437a-9581-c497fd713765